 Dungeon Crawl Stone Soup version 0.29.0-4-gdea44cf6ec (webtiles) character file.

Game seed: 13066946692797385902

542616 qw the Conqueror (level 24, -2/224 HPs)
             Began as a Minotaur Berserker on Sept 4, 2022.
             Was an Elder of Trog.
             Killed from afar by an orb of fire (9 damage)
             ... with a bolt of fire
             ... on level 5 of the Realm of Zot.
             The game lasted 00:25:37 (61447 turns).

qw the Conqueror (Minotaur Berserker)              Turns: 61447, Time: 00:25:38

Health: -2/224     AC: 48    Str: 30      XL:     24   Next: 79%
Magic:  19/19      EV: 21    Int:  7      God:    Trog [****..]
Gold:   6315       SH: 28    Dex: 16 (17) Spells: 23/23 levels left

rFire   + + .      SeeInvis +   D - +14 obsidian axe {vorpal, Mesm Drain Fly SInv}
rCold   + . .      Faith    .   a - +0 tower shield
rNeg    + + .      Spirit   .   n - +16 plate armour of the Crypt {*Slow rPois Regen+ Int+2}
rPois   +          Reflect  +   (helmet restricted)
rElec   .          Harm     .   w - +2 cloak of Analysis {rC+}
rCorr   +          Rampage  .   p - +2 pair of gloves
Will    ++...      Rnd*Tele +   f - +0 pair of boots "Unag" {rPois rF+ Dex+3}
Stlth   ..........              o - amulet of Rion {Reflect Fly Slay+4 SH+5}
HPRegen 0.00/turn               y - ring "Jacviusy" {Fly rF+ rN+ rCorr EV+4}
MPRegen 0.16/turn               g - ring of Daisies {Drain rN+ Will+ Int+5 Dex+4}

@: about to teleport, marked, on berserk cooldown, flying, mesmerised, inhibited
regen, slowed, very slow
A: horns 2, retaliatory headbutt, clumsy 1, deterioration 1, dopey 2, frail 1,
low MP 1, screaming 1, shaggy fur 1, inhibited regeneration, teleportitis 1,
weak 1, subdued magic 2, inability to drink after injury 1, inability to read
after injury 1, devolution 2
}: 3/15 runes: decaying, silver, gossamer
a: Renounce Religion, Berserk, Trog's Hand, Brothers in Arms


You were on level 5 of the Realm of Zot.
You worshipped Trog.
Trog was greatly pleased with you.
You visited 8 branches of the dungeon, and saw 44 of its levels.
You also visited: Gauntlet and Wizlab.

You collected 7270 gold pieces.
You spent 955 gold pieces at shops.


Innate Abilities, Weirdness & Mutations

You have a pair of horns on your head.
You reflexively headbutt those who attack you in melee.
You are clumsy. (Dex -2)
Your body sometimes deteriorates upon taking damage.
You are very dopey. (Int -4)
You are frail. (-10% HP)
Your magical capacity is low. (-10% MP)
You occasionally shout uncontrollably at your foes.
You are covered in fur. (AC +1)
You do not regenerate when monsters are visible.
You are occasionally teleported next to monsters.
You are weak. (Str -2)
Your spells are easier to cast, but less powerful.
You occasionally lose the ability to drink potions when taking damage.
You occasionally lose the ability to read scrolls when taking damage.
You have terrible hidden genetic defects.


   Skills:
 O Level 27 Fighting
 - Level 20.9 Axes
 - Level 15.0 Throwing
 + Level 25.1 Armour
 - Level 17.3 Dodging
 - Level 23.0 Shields
 - Level 4.4 Evocations


You had 23 spell levels left.
You didn't know any spells.
Your spell library was empty.

Inventory:

Hand Weapons
 D - the +14 obsidian axe (weapon) {vorpal, Mesm Drain Fly SInv}
   (You acquired it on level 1 of the Swamp)

   It inflicts extra damage upon your enemies.
   It occasionally summons demons to assist the wielder when it strikes in
   combat.
   Its wielder is mesmerised by any visible foes.
   It cannot be unequipped while any foes are visible.
   SInv:      It lets you see invisible.
   Fly:       It grants you flight.
   Drain:     It drains your maximum health when unequipped.
Missiles
 k - 6 silver boomerangs (quivered)
 q - 32 boomerangs
Armour
 a - a +0 tower shield (worn)
 f - the +0 pair of boots "Unag" (worn) {rPois rF+ Dex+3}
   (You acquired it on level 3 of the Lair of Beasts)

   Dex:       It affects your dexterity (+3).
   rF:        It protects you from fire.
   rPois:     It protects you from poison.
 n - the +16 plate armour of the Crypt (worn) {*Slow rPois Regen+ Int+2}
   (You found it on level 2 of the Depths)

   Int:       It affects your intelligence (+2).
   rPois:     It protects you from poison.
   Regen:     It increases your rate of health regeneration.
   *Slow:     It may slow you when you take damage.
 p - a +2 pair of gloves (worn)
 s - the +2 pair of boots of the Earth {rElec}
   (You acquired it on level 1 of the Lair of Beasts)

   rElec:     It insulates you from electricity.
 w - the +2 cloak of Analysis (worn) {rC+}
   (You acquired it on level 3 of the Lair of Beasts)

   rC:        It protects you from cold.
Jewellery
 g - the ring of Daisies (right hand) {Drain rN+ Will+ Int+5 Dex+4}
   (You found it in a wizard's laboratory)

   [ring of positive energy]

   Int:       It affects your intelligence (+5).
   Dex:       It affects your dexterity (+4).
   rN:        It protects you from negative energy.
   Drain:     It drains your maximum health when unequipped.
   Will:      It increases your willpower.
 o - the amulet of Rion (around neck) {Reflect Fly Slay+4 SH+5}
   (You found it in a wizard's laboratory)

   [amulet of reflection]

   It reflects blocked missile attacks.
   Slay:      It affects your accuracy & damage with ranged weapons and melee
   (+4).
   Fly:       It grants you flight.
   SH:        It affects your SH (+5).
 u - a +4 ring of evasion
 y - the ring "Jacviusy" (left hand) {Fly rF+ rN+ rCorr EV+4}
   (You found it in a Gauntlet)

   [ring of evasion]

   EV:        It affects your evasion (+4).
   rF:        It protects you from fire.
   rN:        It protects you from negative energy.
   Fly:       It grants you flight.
   rCorr:     It protects you from acid and corrosion.
Wands
 x - a wand of digging (10)
Scrolls
 b - 12 scrolls of teleportation
 e - 4 scrolls of brand weapon
 h - 24 scrolls of identify
 l - 3 scrolls of enchant weapon
 r - 5 scrolls of enchant armour
Potions
 c - 10 potions of haste
 d - 5 potions of mutation
 i - a potion of resistance
 j - 20 potions of curing
 m - 5 potions of might

Dungeon Overview and Level Annotations

Branches:
Dungeon (15/15)            Temple (0/1) D:6            Lair (5/5) D:9
  Swamp (4/4) Lair:2       Spider (4/4) Lair:3        Slime (0/5) Lair:5
    Orc (2/2) D:12            Elf (0/3) Orc:2        Vaults (5/5) D:13
  Crypt (0/3) Vaults:3     Depths (4/4) D:15            Zot (5/5) Depths:4
 WizLab (visited)         Gauntlet (visited)

Altars:
Ashenzari
Cheibriados
Dithmenos
Elyvilon
Gozag
Kikubaaqudgha
Qazlal
Ru
Sif Muna
Trog
Vehumet
Wu Jian
Xom
Yredelemnul
Zin
The Shining One
Jiyva

Shops:
D:11 :   Orc:2 :([*   Vaults:1 *   Vaults:3 (   Depths:1 *   Depths:2 ([[?:

Portals:
Hell: Depths:1 Depths:2 Depths:3 Depths:4
Abyss: Depths:2 Depths:3
Pandemonium: Depths:2
Ziggurat: Depths:1
Trove: Depths:4 (give +6 demon blade)

Annotations:
D:6 1 runed translucent door
Lair:2 2 transporters
Orc:2 2 transporters, qw's ghost, adept GrBe
Vaults:1 3 runed translucent doors, qw's ghost, adept TrCA
Zot:3 2 runed translucent doors, Heoriaro's ghost, legendary GnFi


Message History

You block the ancient lich's attack.
Your chaos spawn barely misses the ancient lich.
The orb of fire glows yellow.
The bolt of fire hits you!! You resist.
Your body deteriorates!
You feel clumsy.
Your soul eater closely misses the orb of fire.
You slice the orb of fire like a ripe choko!!!
You open a gate to Pandemonium!
A demon appears!
Your headbutt misses the orb of fire.
The orb of fire is almost destroyed.
You slice the orb of fire!! You slash the orb of fire!
You slash the ancient lich!
The orb of fire glows yellow.
The bolt of fire misses you. You block the ancient lich's attack.
The orb of fire glows bright magenta.
Your soul eater twists and deforms.
The orb of fire glows red.
The bolt of fire misses you.
Your chaos spawn hits the ancient lich!
Your chaos spawn freezes the ancient lich.
The ancient lich resists.
The ancient lich touches you. You partially resist.
Your soul eater completely misses the orb of fire.
The orb of fire glows red.
Your soul eater twists and deforms.
You slice the orb of fire!!
You break out of your daze!
You destroy the orb of fire!
Trog accepts your kill.
You slash the orb of fire! You open a gate to Pandemonium!
A demon appears!
You barely miss the ancient lich. You slice the smoke demon!!
You hit the orb of fire but do no damage.
Visions of slaying the orb of fire flood into your mind.
The orb of fire glows bright magenta.
The bolt of fire hits you. You resist.
The electric golem hits your red devil but does no damage.
The electric golem misses your red devil.
The electric golem hits your red devil but does no damage.
The electric golem hits your red devil. The ancient lich barely misses you.
The orb of fire glows red.
The bolt of fire hits you! You resist.
You die...

#¤¤.......^.....###
##......^............
##...............3....
#.............^..^X...
#.................***.
#......$..........*..
#...*3..............
##..*.......^.......
#.3@*X........9....)
#....L49.............
#....^44..............
#.....................
##....................
##.^............^....
####........^....###
#######


You could see 3 orbs of fire, an electric golem (ally target), an ancient lich
(fast), an Orb Guardian (ally target), a smoke demon (summoned), a friendly soul
eater (summoned, misshapen), a friendly ice devil (summoned), a friendly chaos
spawn (summoned) and a friendly red devil (summoned).

Vanquished Creatures
  2 dread liches (Zot:5)
  7 orbs of fire
  Bai Suzhen (Spider:3)
  Frederick (Vaults:3)
  Saint Roka (Vaults:1)
  A caustic shrike (Depths:3)
  9 golden dragons
  Nikola (Depths:2)
  Arachne (Spider:4)
  A bone dragon (Depths:4)
  A Brimstone Fiend (Zot:2)
  13 tentacled monstrosities
  3 liches
  14 Orb Guardians (Zot:5)
  4 titans (Vaults:5)
  9 quicksilver dragons
  3 sphinxes
  7 tentacled starspawn (WizLab)
  Agnes (Spider:1)
  13 shadow dragons
  Kirke (Spider:4)
  A shadow dragon (shapeshifter) (Depths:3)
  10 death cobs
  2 thorn hunters (Swamp:4)
  13 storm dragons
  7 tengu reavers
  A fenstrider witch (Swamp:4)
  3 draconian monks
  6 emperor scorpions (Spider:4)
  15 vault wardens
  An orc warlord (Orc:2)
  A deep elf sorcerer (Vaults:5)
  5 iron dragons
  A cacodemon (WizLab)
  10 frost giants
  6 ghost moths
  4 draconian knights
  10 fire giants
  3 draconian scorchers
  A curse skull (Zot:2)
  A draconian shifter (Zot:3)
  A caustic shrike zombie (Depths:1)
  13 ironbound preservers
  3 ironbound thunderhulks
  15 very ugly things
  A draconian annihilator (Zot:4)
  3 spriggan defenders (Depths:3)
  2 war gargoyles (Vaults:5)
  9 stone giants
  Nessos (D:15)
  3 eleionomae
  8 black draconians
  5 vampire knights
  6 purple draconians
  5 entropy weavers
  5 green draconians
  2 deep elf annihilators
  A minotaur (Gauntlet)
  2 red draconians
  5 white draconians
  10 spark wasps
  5 dire elephants
  7 yellow draconians
  3 bunyips
  5 ettins
  A deep elf death mage (Depths:3)
  A crystal guardian (WizLab)
  Josephine (Spider:1)
  4 fire dragons
  A deep elf high priest (Vaults:1)
  14 great orbs of eyes
  17 yaktaur captains
  3 catoblepae
  A peacekeeper (Vaults:3)
  22 vault guards
  15 hydras
  Harold (D:9)
  6 spriggan air magi
  5 boulder beetles
  3 rakshasas
  8 ice dragons
  13 centaur warriors
  A jorogumo (Spider:1)
  9 ironbound frosthearts
  2 ogre magi
  2 radroaches
  6 two-headed ogres
  6 deep troll shamans
  A two-headed ogre (shapeshifter) (Vaults:5)
  5 alligators
  A death knight (D:13)
  4 spriggan berserkers
  9 death yaks
  6 vampire magi
  7 tengu warriors
  5 deep troll earth magi
  4 orc high priests (Orc:2)
  2 hell knights (Vaults:5)
  A storm dragon zombie (Depths:1)
  Nergalle (Orc:1)
  A sun moth (Spider:3)
  2 wretched stars (WizLab)
  3 pharaoh ants
  A soul eater (Vaults:3)
  3 goliath frogs (Swamp:1)
  A skeletal warrior (D:13)
  2 iron trolls (Depths:2)
  A death drake (shapeshifter) (Vaults:2)
  12 steelbarb worms
  A spriggan druid (Swamp:1)
  12 swamp dragons
  2 orange crystal statues
  14 lindwurms
  8 phantasmal warriors
  9 glowing orange brains
  5 bog bodies
  28 deep trolls
  A tengu zombie (Vaults:4)
  A lindwurm (shapeshifter) (Vaults:5)
  11 wizards
  6 orb spiders
  6 necromancers
  7 orc knights
  An obsidian statue (Zot:2)
  21 ironbound convokers
  3 deep elf pyromancers
  A tengu skeleton (Vaults:1)
  Pikel (D:6)
  4 spectral wolf spiders (Spider:4)
  3 wolf spider zombies (Spider:4)
  5 will-o-the-wisps
  3 orc sorcerers
  24 wolf spiders
  A manticore (D:14)
  10 cyclopes
  11 oklob plants
  A mana viper (shapeshifter) (Vaults:4)
  42 ugly things
  A faun (shapeshifter) (Vaults:2)
  17 moths of wrath
  11 elephants
  15 vault sentinels
  5 black mambas
  2 stone giant skeletons (Vaults:4)
  Joseph (D:9)
  2 frost giant skeletons
  A guardian serpent (shapeshifter) (Depths:4)
  3 gargoyles
  8 torpor snails
  A black mamba (shapeshifter) (Vaults:5)
  Maggie (Lair:1)
  6 eyes of devastation (WizLab)
  2 hellions (Zot:3)
  9 cane toads
  2 kobold demonologists (D:14)
  3 unseen horrors (D:13)
  3 rime drakes
  5 freezing wraiths
  2 minotaur zombies (Gauntlet)
  8 komodo dragons
  28 yaktaurs
  6 demonic crawlers
  An unseen horror (shapeshifter) (Depths:4)
  An efreet (D:13)
  7 tengu conjurers
  3 human zombies (Vaults:1)
  2 merfolk (shapeshifter)
  A bloated husk (Swamp:2)
  2 guardian mummies (Depths:4)
  3 meliai (Spider:1)
  A queen bee (Spider:1)
  7 hornets
  11 trolls
  4 wolf spider simulacra (Spider:4)
  5 polar bears
  Grinder (D:4)
  A polar bear (shapeshifter) (D:14)
  33 slime creatures
  37 tarantellas
  16 blink frogs
  7 tyrant leeches
  7 dream sheep (Lair:5)
  24 jumping spiders
  A stone giant simulacrum (Depths:1)
  19 starcursed masses (WizLab)
  Sigmund (D:5)
  17 culicivoras
  7 spriggans
  4 wyverns
  A water elemental (D:15)
  6 wraiths
  41 yaks
  3 shadows
  2 basilisks
  3 hogs (Spider:4)
  A chaos spawn (Gauntlet)
  12 golden eyes (WizLab)
  2 steam dragons
  11 vampire mosquitoes
  40 redbacks
  Edmund (D:6)
  3 neqoxecs
  Menkaure (D:4)
  15 swamp worms
  3 acid dragons
  4 wargs
  Duvessa (D:4)
  16 water moccasins
  A floating eye (Depths:4)
  44 orc warriors
  9 swamp drakes
  2 sky beasts
  An ice beast (D:8)
  2 black bears
  An ettin simulacrum (Vaults:4)
  9 ogres
  3 boggarts (Vaults:1)
  23 wolves
  9 centaurs
  A lemure (D:6)
  3 phantoms
  5 kobold brigands
  3 necrophages
  8 bullfrogs
  A gnoll sergeant (D:11)
  7 scorpions
  11 wights
  Dowan (D:4)
  A killer bee (shapeshifter) (Vaults:5)
  22 killer bees
  2 electric eels
  2 howler monkeys (D:9)
  A lava snake (D:10)
  20 orc priests
  7 hounds
  A gnoll bouda (D:7)
  4 jellies
  Jessica (D:3)
  9 iguanas
  A human skeleton (D:6)
  2 lightning spires (Zot:2)
  23 orc wizards
  4 polar bear simulacra (Lair:2)
  4 yak simulacra (Lair:2)
  11 gnolls
  A river rat (D:4)
  3 adders
  2 white imps
  3 ufetubi
  2 worms
  A dart slug (D:1)
  107 orcs
  5 bat zombies (D:6)
  12 endoplasms
  7 giant cockroaches
  3 goblins
  3 hobgoblins
  3 quokkas
  6 ball pythons
  6 bats
  6 frilled lizards
  28 kobolds
  6 rats
  A rat zombie (D:6)
  3 river rat simulacra (Lair:2)
  A creeping inferno (Zot:3)
  A plant (Zot:1)
  10 starspawn tentacles (WizLab)
1781 creatures vanquished.

Vanquished Creatures (collateral kills)
  A juggernaut (Depths:4)
  2 Killer Klowns (Zot:5)
  A curse toe (Zot:4)
  A golden dragon (Depths:4)
  3 tentacled monstrosities
  9 Orb Guardians (Zot:5)
  A moon troll (WizLab)
  2 quicksilver dragons
  A death cob (Zot:1)
  2 tentacled starspawn (WizLab)
  A tengu reaver (Vaults:5)
  A draconian monk (Zot:3)
  A storm dragon (Zot:5)
  3 shadow dragons
  Donald (Spider:1)
  A fenstrider witch (shapeshifter) (Depths:3)
  A fire giant (Depths:3)
  A draconian scorcher (Zot:3)
  A draconian shifter (Zot:3)
  An orc warlord (Vaults:4)
  5 vault wardens
  A broodmother (shapeshifter) (Vaults:5)
  A draconian annihilator (Zot:1)
  A very ugly thing (Depths:3)
  An ironbound thunderhulk (Vaults:4)
  A broodmother (Spider:4)
  4 stone giants
  2 red draconians (Zot:2)
  A spark wasp (Depths:1)
  A purple draconian (Zot:1)
  A yellow draconian (Depths:4)
  2 white draconians
  3 ettins
  A fire dragon (Depths:1)
  A yaktaur captain (Vaults:5)
  7 vault guards (Vaults:5)
  A great orb of eyes (Depths:3)
  An ice dragon (Depths:3)
  4 hydras
  A radroach (Spider:4)
  2 boulder beetles
  A spriggan air mage (Depths:1)
  A death yak (Lair:4)
  A tengu warrior (Depths:3)
  2 spriggan berserkers (Depths:3)
  A pharaoh ant (Spider:4)
  An iron troll (Depths:1)
  2 deep trolls
  2 flayed ghosts
  A steelbarb worm (Spider:2)
  3 orb spiders
  An ironbound convoker (Vaults:4)
  A spectral wolf spider (Spider:4)
  A glowing orange brain (WizLab)
  A necromancer (Depths:3)
  6 oklob plants (Zot:1)
  2 ugly things (Vaults:3)
  3 orc knights (Vaults:4)
  A wolf spider zombie (Spider:4)
  5 moths of wrath
  3 wolf spiders
  An orc sorcerer (Orc:2)
  A manticore (D:15)
  A vault sentinel (Vaults:5)
  2 yaktaurs (Vaults:5)
  2 demonic crawlers (Spider:2)
  A tengu conjurer (Depths:2)
  A troll (Orc:2)
  4 slime creatures (Depths:3)
  4 tarantellas
  A blink frog (Lair:4)
  2 jumping spiders
  A centaur simulacrum (D:15)
  5 yaks
  2 culicivoras
  A basilisk (D:15)
  2 golden eyes (WizLab)
  3 redbacks (Spider:4)
  An ogre (Orc:2)
  3 electric eels
  4 starcursed masses (WizLab)
  An orc (Vaults:4)
  3 bushes (Zot:1)
  3 starspawn tentacles (WizLab)
165 creatures vanquished.

Vanquished Creatures (others)
  A dread lich (Vaults:5)
  A stone giant (Vaults:5)
  An ettin (Depths:1)
  An alligator (Swamp:4)
  A human (Spider:4)
  A water moccasin (D:7)
  A boggart (Vaults:1)
  2 orcs (Orc:1)
  4 demonic plants
  54 foxfires
  37 fungi
  77 plants
  21 starspawn tentacles (WizLab)
202 creatures vanquished.

Grand Total: 2148 creatures vanquished

Notes
Turn   | Place    | Note
-------+----------+-------------------------------------------
     0 | D:1      | qw the Minotaur Berserker began the quest for the Orb.
     0 | D:1      | Reached XP level 1. HP: 19/19 MP: 0/0
     0 | D:1      | 0 ||| qw: Version: 0.1-a-103-gd6f5d3a
     0 | D:1      | 0 ||| qw: Game counter: 5535
     0 | D:1      | 0 ||| qw: Always use a shield: true
     0 | D:1      | 0 ||| qw: Do Orc after D:15 true
     0 | D:1      | 0 ||| qw: Do second Lair branch before Depths: true
     0 | D:1      | 0 ||| qw: Lair rune preference: random
     0 | D:1      | 0 ||| qw: Plans: Normal
     0 | D:1      | 0 ||| PLANNING D:1-11
    52 | D:1      | 52 ||| Stepping ~*~*~tactically~*~*~ (hiding).
   154 | D:1      | 154 ||| Stepping ~*~*~tactically~*~*~ (hiding).
   261 | D:1      | 261 ||| INVOKING Berserk.
   586 | D:1      | Reached XP level 2. HP: 26/26 MP: 1/1
  1382 | D:1      | 1382 ||| UPGRADING to amulet of guardian spirit.
  1387 | D:1      | 1387 ||| READING scroll labelled TOF DOCAEM.
  1388 | D:1      | 1388 ||| READING scroll labelled VEPSURA MYMM.
  1453 | D:2      | 1453 ||| Stepping ~*~*~tactically~*~*~ (water).
  1454 | D:2      | 1454 ||| INVOKING Berserk.
  1470 | D:2      | 1470 ||| Stepping ~*~*~tactically~*~*~ (stealth).
  1593 | D:2      | Reached XP level 3. HP: 30/31 MP: 2/2
  1603 | D:2      | Found a faded altar of an unknown god.
  1668 | D:2      | 1668 ||| SWAPPING to +0 war axe.
  1669 | D:2      | 1669 ||| DROPPING +0 vorpal hand axe.
  1689 | D:2      | 1689 ||| FLEEEEING.
  1690 | D:2      | 1690 ||| FLEEEEING.
  1691 | D:2      | 1691 ||| FLEEEEING.
  1692 | D:2      | 1692 ||| FLEEEEING.
  1693 | D:2      | 1693 ||| FLEEEEING.
  1694 | D:2      | 1694 ||| FLEEEEING.
  1695 | D:2      | 1695 ||| FLEEEEING.
  1696 | D:2      | 1696 ||| FLEEEEING.
  1703 | D:2      | 1703 ||| FLEEEEING.
  1704 | D:2      | 1704 ||| Stepping ~*~*~tactically~*~*~ (hiding).
  1753 | D:2      | 1753 ||| Stepping ~*~*~tactically~*~*~ (stealth).
  2112 | D:2      | Reached ** piety under Trog
  2251 | D:2      | 2251 ||| UPGRADING to +4 ring mail.
  2261 | D:2      | 2261 ||| DROPPING +0 animal skin.
  2262 | D:2      | 2262 ||| READING scroll labelled KOGRAA YNKE.
  2306 | D:3      | Found a stormy altar of Qazlal.
  2337 | D:3      | Noticed Jessica
  2341 | D:3      | Killed Jessica
  2342 | D:3      | Reached skill level 6 in Axes
  2342 | D:3      | Reached XP level 4. HP: 39/39 MP: 3/3
  2362 | D:3      | Found an opulent altar of Gozag.
  2398 | D:3      | 2398 ||| Stepping ~*~*~tactically~*~*~ (hiding).
  2692 | D:3      | 2692 ||| DROPPING +0 club.
  2693 | D:3      | Found a radiant altar of Vehumet.
  3022 | D:3      | 3022 ||| FLEEEEING.
  3023 | D:3      | 3023 ||| FLEEEEING.
  3024 | D:3      | 3024 ||| FLEEEEING.
  3026 | D:3      | 3026 ||| STAIRDANCE
  3122 | D:2      | 3122 ||| UPGRADING to +0 plate armour.
  3132 | D:2      | 3132 ||| DROPPING +4 ring mail.
  3133 | D:2      | 3133 ||| UPGRADING to ring of see invisible.
  3134 | D:2      | 3134 ||| READING 2 scrolls labelled BIFEAT VEYSA.
  3138 | D:2      | 3138 ||| READING 2 scrolls labelled SYGIACHEJIO.
  3139 | D:2      | 3139 ||| DRINKING 3 blue potions.
  3140 | D:2      | 3140 ||| DROPPING 2 potions of attraction.
  3472 | D:4      | 3472 ||| PLANNING SEWER
  3483 | D:4      | Found a white marble altar of Elyvilon.
  3511 | D:4      | 3511 ||| INVOKING Berserk.
  3628 | D:4      | Noticed a scorpion
  3636 | D:4      | Killed a scorpion
  3637 | D:4      | Reached XP level 5. HP: 30/45 MP: 4/4
  3820 | D:4      | Noticed Menkaure
  3821 | D:4      | 3821 ||| Stepping ~*~*~tactically~*~*~ (hiding).
  3822 | D:4      | Noticed Duvessa
  3822 | D:4      | Noticed Dowan
  3824 | D:4      | 3824 ||| INVOKING Berserk.
  3827 | D:4      | Killed Menkaure
  3828 | D:4      | Reached XP level 6. HP: 51/51 MP: 5/5
  3830 | D:4      | Killed Duvessa
  3831 | D:4      | Reached skill level 4 in Fighting
  3831 | D:4      | Killed Dowan
  4042 | D:4      | Found a broken altar of Ashenzari.
  4160 | D:4      | Noticed Grinder
  4161 | D:4      | 4161 ||| INVOKING Trog's Hand.
  4164 | D:4      | 4164 ||| INVOKING Berserk.
  4169 | D:4      | Killed Grinder
  4170 | D:4      | Reached skill level 9 in Axes
  4170 | D:4      | Reached XP level 7. HP: 60/60 MP: 4/6
  4205 | D:4      | 4205 ||| RIP SEWER
  4285 | D:4      | 4285 ||| PLANNING D:1-11
  4322 | D:4      | Reached skill level 5 in Fighting
  4377 | D:4      | 4377 ||| READING scroll labelled LUICLE IHIRARE.
  4378 | D:4      | 4378 ||| READING scroll labelled PUFOUHODYT.
  4379 | D:4      | 4379 ||| READING scroll labelled HURROEX EVI.
  4380 | D:4      | 4380 ||| DRINKING 3 viscous green potions.
  4436 | D:4      | 4436 ||| DRINKING 2 pink potions.
  4437 | D:4      | 4437 ||| READING 2 scrolls of identify.
  4437 | D:4      | 4437 ||| IDENTIFYING yellow potion
  4438 | D:4      | 4438 ||| DROPPING 2 potions of lignification.
  4446 | D:5      | Entered Level 5 of the Dungeon
  4456 | D:5      | 4456 ||| INVOKING Berserk.
  4785 | D:5      | 4785 ||| INVOKING Berserk.
  5154 | D:5      | Reached skill level 6 in Fighting
  5154 | D:5      | Reached XP level 8. HP: 69/70 MP: 7/7
  5310 | D:5      | 5310 ||| INVOKING Berserk.
  5441 | D:5      | Noticed Sigmund
  5445 | D:5      | 5445 ||| INVOKING Berserk.
  5448 | D:5      | Killed Sigmund
  5592 | D:5      | Reached skill level 1 in Throwing
  5602 | D:5      | 5602 ||| UPGRADING to +0 cloak.
  5607 | D:5      | 5607 ||| READING scroll labelled PULIAWKONE.
  5608 | D:5      | 5608 ||| READING 3 scrolls of teleportation.
  5696 | D:6      | 5696 ||| INVOKING Berserk.
  5856 | D:6      | Found an ancient bone altar of Kikubaaqudgha.
  5874 | D:6      | 5874 ||| Stepping ~*~*~tactically~*~*~ (hiding).
  5960 | D:6      | 5960 ||| INVOKING Berserk.
  5963 | D:6      | Reached skill level 12 in Axes
  6082 | D:6      | Noticed Pikel
  6084 | D:6      | 6084 ||| Stepping ~*~*~tactically~*~*~ (stealth).
  6086 | D:6      | 6086 ||| Stepping ~*~*~tactically~*~*~ (hiding).
  6089 | D:6      | 6089 ||| INVOKING Berserk.
  6093 | D:6      | Killed Pikel
  6094 | D:6      | Reached skill level 7 in Fighting
  6094 | D:6      | Reached XP level 9. HP: 81/81 MP: 8/8
  6221 | D:6      | Identified the +1 robe of Sunlight {Str+5}
  6295 | D:6      | Noticed Edmund
  6297 | D:6      | 6297 ||| Stepping ~*~*~tactically~*~*~ (hiding).
  6299 | D:6      | 6299 ||| INVOKING Berserk.
  6301 | D:6      | Reached skill level 6 in Armour
  6305 | D:6      | Killed Edmund
  6493 | D:6      | Found a runed translucent door.
  6497 | D:6      | 6497 ||| READING scroll labelled COENIO TEPNILI.
  6500 | D:6      | Found a basalt altar of Yredelemnul.
  6622 | D:6      | Found a glowing silver altar of Zin.
  6622 | D:6      | Noticed an angel
  6737 | D:6      | Found a staircase to the Ecumenical Temple.
  6753 | D:6      | 6753 ||| UPGRADING to +6 ring of intelligence.
  6809 | D:7      | Reached *** piety under Trog
  6957 | D:7      | 6957 ||| FLEEEEING.
  6958 | D:7      | 6958 ||| FLEEEEING.
  6959 | D:7      | 6959 ||| FLEEEEING.
  6960 | D:7      | 6960 ||| FLEEEEING.
  6961 | D:7      | 6961 ||| FLEEEEING.
  6962 | D:7      | 6962 ||| FLEEEEING.
  6963 | D:7      | 6963 ||| FLEEEEING.
  6964 | D:7      | 6964 ||| FLEEEEING.
  6965 | D:7      | 6965 ||| FLEEEEING.
  6966 | D:7      | 6966 ||| FLEEEEING.
  6968 | D:7      | 6968 ||| FLEEEEING.
  6969 | D:7      | 6969 ||| FLEEEEING.
  6970 | D:7      | 6970 ||| FLEEEEING.
  6971 | D:7      | 6971 ||| FLEEEEING.
  6974 | D:7      | 6974 ||| STAIRDANCE
  7109 | D:7      | 7109 ||| STAIRDANCE
  7117 | D:7      | 7117 ||| STAIRDANCE
  7124 | D:6      | Reached skill level 8 in Fighting
  7182 | D:7      | 7182 ||| Stepping ~*~*~tactically~*~*~ (hiding).
  7194 | D:7      | Reached skill level 3 in Throwing
  7197 | D:7      | 7197 ||| INVOKING Berserk.
  7392 | D:7      | 7392 ||| Stepping ~*~*~tactically~*~*~ (hiding).
  7397 | D:7      | 7397 ||| INVOKING Berserk.
  7512 | D:7      | 7512 ||| DROPPING +0 flail.
  7596 | D:7      | 7596 ||| INVOKING Berserk.
  7816 | D:7      | 7816 ||| Stepping ~*~*~tactically~*~*~ (hiding).
  7824 | D:7      | Reached XP level 10. HP: 86/88 MP: 9/9
  7833 | D:7      | 7833 ||| INVOKING Berserk.
  7895 | D:7      | 7895 ||| UPGRADING to +0 storm dragon scales.
  7905 | D:7      | 7905 ||| DROPPING +0 plate armour.
  7906 | D:7      | 7906 ||| READING scroll labelled YXUN AG ITZI.
  8066 | D:7      | 8066 ||| READING 2 scrolls of identify.
  8066 | D:7      | 8066 ||| IDENTIFYING coppery potion
  8067 | D:7      | 8067 ||| DROPPING potion of degeneration.
  8119 | D:8      | 8119 ||| Stepping ~*~*~tactically~*~*~ (stealth).
  8122 | D:8      | 8122 ||| Stepping ~*~*~tactically~*~*~ (stealth).
  8134 | D:8      | Reached skill level 3 in Dodging
  8139 | D:8      | 8139 ||| Stepping ~*~*~tactically~*~*~ (stealth).
  8219 | D:8      | Noticed a two-headed ogre
  8220 | D:8      | 8220 ||| Stepping ~*~*~tactically~*~*~ (stealth).
  8223 | D:8      | 8223 ||| INVOKING Berserk.
  8228 | D:8      | Killed a two-headed ogre
  8355 | D:8      | 8355 ||| Stepping ~*~*~tactically~*~*~ (stealth).
  8356 | D:8      | 8356 ||| Stepping ~*~*~tactically~*~*~ (stealth).
  8357 | D:8      | 8357 ||| Stepping ~*~*~tactically~*~*~ (stealth).
  8358 | D:8      | 8358 ||| Stepping ~*~*~tactically~*~*~ (stealth).
  8370 | D:8      | Reached skill level 15 in Axes
  8530 | D:8      | 8530 ||| Stepping ~*~*~tactically~*~*~ (hiding).
  8641 | D:8      | 8641 ||| DROPPING +0 flail of draining.
  8702 | D:8      | 8702 ||| DRINKING 2 potions of curing.
  8702 | D:8      | 8702 ||| (to cure confusion)
  8708 | D:8      | Reached **** piety under Trog
  8763 | D:8      | Found a glowing golden altar of the Shining One.
  8822 | D:8      | 8822 ||| Stepping ~*~*~tactically~*~*~ (stealth).
  8827 | D:8      | Reached skill level 9 in Fighting
  9094 | D:8      | 9094 ||| Stepping ~*~*~tactically~*~*~ (hiding).
  9098 | D:8      | 9098 ||| INVOKING Berserk.
  9181 | D:8      | 9181 ||| UPGRADING to +0 pair of gloves.
  9186 | D:8      | 9186 ||| READING scroll labelled BOIMOS MODOCAN.
  9211 | D:7      | 9211 ||| READING 4 scrolls of teleportation.
  9256 | D:7      | Found a snail-covered altar of Cheibriados.
  9257 | D:7      | 9257 ||| READING 3 scrolls of teleportation.
  9292 | D:9      | 9292 ||| STAIRDANCE
  9365 | D:9      | 9365 ||| INVOKING Berserk.
  9370 | D:9      | 9370 ||| STAIRDANCE
  9596 | D:9      | Noticed Harold
  9597 | D:9      | 9597 ||| Stepping ~*~*~tactically~*~*~ (hiding).
  9600 | D:9      | Noticed Joseph
  9600 | D:9      | 9600 ||| Stepping ~*~*~tactically~*~*~ (hiding).
  9604 | D:9      | 9604 ||| INVOKING Berserk.
  9611 | D:9      | Killed Harold
  9628 | D:9      | Reached XP level 11. HP: 94/97 MP: 8/10
  9638 | D:9      | Killed Joseph
  9660 | D:9      | Reached skill level 10 in Fighting
  9664 | D:9      | 9664 ||| INVOKING Berserk.
  9667 | D:9      | Reached ***** piety under Trog
  9667 | D:9      | HP: 31/148 [troll (13)]
  9673 | D:9      | HP: 16/148 [orc warrior/+0 trident (6)]
  9679 | D:9      | HP: 14/148 [orc/+0 mace (1)]
  9690 | D:9      | 9690 ||| READING 2 scrolls of teleportation.
  9691 | D:9      | 9691 ||| DRINKING potion of heal wounds.
  9998 | D:9      | 9998 ||| SWAPPING to +0 broad axe.
 10004 | D:9      | 10004 ||| INVOKING Berserk.
 10016 | D:9      | 10016 ||| FLEEEEING.
 10019 | D:9      | 10019 ||| INVOKING Brothers in Arms.
 10020 | D:9      | Found a staircase to the Lair.
 10055 | D:9      | 10055 ||| DROPPING +1 war axe.
 10240 | D:9      | 10240 ||| FLEEEEING.
 10241 | D:9      | 10241 ||| FLEEEEING.
 10245 | D:9      | 10245 ||| FLEEEEING.
 10246 | D:9      | 10246 ||| FLEEEEING.
 10247 | D:9      | 10247 ||| FLEEEEING.
 10248 | D:9      | 10248 ||| FLEEEEING.
 10249 | D:9      | 10249 ||| FLEEEEING.
 10250 | D:9      | 10250 ||| FLEEEEING.
 10251 | D:9      | 10251 ||| FLEEEEING.
 10252 | D:9      | 10252 ||| FLEEEEING.
 10253 | D:9      | 10253 ||| FLEEEEING.
 10254 | D:9      | 10254 ||| FLEEEEING.
 10255 | D:9      | 10255 ||| FLEEEEING.
 10272 | D:9      | 10272 ||| INVOKING Berserk.
 10989 | D:9      | 10989 ||| PLANNING LAIR
 11022 | Lair:1   | Entered Level 1 of the Lair of Beasts
 11036 | Lair:1   | 11036 ||| INVOKING Berserk.
 11073 | Lair:1   | 11073 ||| INVOKING Brothers in Arms.
 11115 | Lair:1   | 11115 ||| INVOKING Berserk.
 11424 | Lair:1   | 11424 ||| INVOKING Berserk.
 11595 | Lair:1   | Noticed a four-headed hydra
 11596 | Lair:1   | 11596 ||| INVOKING Brothers in Arms.
 11597 | Lair:1   | 11597 ||| INVOKING Berserk.
 11601 | Lair:1   | Reached skill level 9 in Armour
 11608 | Lair:1   | Killed a ten-headed hydra
 11803 | Lair:1   | Identified the amulet of Ymud {Faith Will+}
 11819 | Lair:1   | 11819 ||| SWAPPING to +0 broad axe of flaming.
 11820 | Lair:1   | 11820 ||| DROPPING +0 broad axe.
 11821 | Lair:1   | 11821 ||| DROPPING +7 morningstar of holy wrath.
 11869 | Lair:1   | Noticed Maggie
 11870 | Lair:1   | 11870 ||| Stepping ~*~*~tactically~*~*~ (hiding).
 11894 | Lair:1   | Killed Maggie
 12091 | Lair:1   | Found an ancient bone altar of Kikubaaqudgha.
 12132 | Lair:1   | 12132 ||| INVOKING Berserk.
 12530 | Lair:1   | Noticed a lindwurm
 12531 | Lair:1   | 12531 ||| INVOKING Berserk.
 12536 | Lair:1   | Killed a lindwurm
 12537 | Lair:1   | Reached skill level 18 in Axes
 12729 | Lair:1   | 12729 ||| READING scroll labelled DUNEYS MOXKARO.
 12729 | Lair:1   | Identified a scroll of acquirement
 12729 | Lair:1   | 12729 ||| ACQUIRING +2 pair of boots of the Earth {rElec}
 12729 | Lair:1   | Acquired the +2 pair of boots of the Earth {rElec}
 12731 | Lair:1   | 12731 ||| UPGRADING to +2 pair of boots of the Earth
                  | {rElec}.
 12736 | Lair:1   | 12736 ||| READING 2 scrolls of identify.
 12736 | Lair:1   | 12736 ||| IDENTIFYING bubbling red potion
 12789 | Lair:2   | 12789 ||| STAIRDANCE
 12924 | Lair:2   | Reached XP level 12. HP: 97/106 MP: 9/11
 12980 | Lair:2   | 12980 ||| Stepping ~*~*~tactically~*~*~ (stealth).
 13006 | Lair:2   | Found a staircase to the Swamp.
 13007 | Lair:2   | 13007 ||| Stepping ~*~*~tactically~*~*~ (stealth).
 13023 | Lair:2   | 13023 ||| Stepping ~*~*~tactically~*~*~ (hiding).
 13024 | Lair:2   | 13024 ||| Stepping ~*~*~tactically~*~*~ (hiding).
 13157 | Lair:2   | 13157 ||| INVOKING Berserk.
 13160 | Lair:2   | Found a transporter.
 13167 | Lair:2   | Reached skill level 11 in Fighting
 13174 | Lair:2   | 13174 ||| Stepping ~*~*~tactically~*~*~ (stealth).
 13350 | Lair:2   | 13350 ||| FLEEEEING.
 13363 | Lair:2   | 13363 ||| Stepping ~*~*~tactically~*~*~ (stealth).
 13374 | Lair:2   | 13374 ||| INVOKING Berserk.
 13439 | Lair:2   | 13439 ||| Stepping ~*~*~tactically~*~*~ (stealth).
 13508 | Lair:2   | Found a transporter.
 13661 | Lair:2   | 13661 ||| Stepping ~*~*~tactically~*~*~ (stealth).
 13872 | Lair:2   | 13872 ||| INVOKING Berserk.
 13984 | Lair:2   | Found a shimmering altar of Xom.
 14037 | Lair:2   | Reached skill level 12 in Fighting
 14208 | Lair:2   | 14208 ||| UPGRADING to +0 buckler.
 14213 | Lair:2   | 14213 ||| DROPPING orb of mayhem.
 14214 | Lair:2   | 14214 ||| READING scroll labelled WIESEE TUCWATIZ.
 14215 | Lair:2   | 14215 ||| READING 2 scrolls of identify.
 14215 | Lair:2   | 14215 ||| IDENTIFYING sapphire potion
 14216 | Lair:2   | 14216 ||| DROPPING potion of berserk rage.
 14261 | Lair:3   | 14261 ||| INVOKING Berserk.
 14263 | Lair:3   | Reached skill level 1 in Shields
 14396 | Lair:3   | 14396 ||| Stepping ~*~*~tactically~*~*~ (stealth).
 14399 | Lair:3   | 14399 ||| Stepping ~*~*~tactically~*~*~ (stealth).
 14403 | Lair:3   | 14403 ||| FLEEEEING.
 14413 | Lair:3   | 14413 ||| FLEEEEING.
 14418 | Lair:3   | 14418 ||| FLEEEEING.
 14420 | Lair:3   | 14420 ||| INVOKING Berserk.
 14551 | Lair:3   | 14551 ||| Stepping ~*~*~tactically~*~*~ (stealth).
 14553 | Lair:3   | Found a hole to the Spider Nest.
 14560 | Lair:3   | Reached skill level 3 in Shields
 14614 | Lair:3   | 14614 ||| READING 3 scrolls of acquirement.
 14614 | Lair:3   | 14614 ||| ACQUIRING +2 cloak of Analysis {rC+}
 14614 | Lair:3   | Acquired the +2 cloak of Analysis {rC+}
 14616 | Lair:3   | 14616 ||| UPGRADING to +2 cloak of Analysis {rC+}.
 14626 | Lair:3   | 14626 ||| DROPPING +0 cloak.
 14627 | Lair:3   | 14627 ||| READING 2 scrolls of acquirement.
 14627 | Lair:3   | 14627 ||| ACQUIRING +1 hat of Zoid {rElec}
 14627 | Lair:3   | Acquired the +1 hat of Zoid {rElec}
 14629 | Lair:3   | 14629 ||| UPGRADING to +1 hat of Zoid {rElec}.
 14634 | Lair:3   | 14634 ||| READING scroll of acquirement.
 14634 | Lair:3   | 14634 ||| ACQUIRING +0 pair of boots "Unag" {rPois rF+
                  | Dex+3}
 14634 | Lair:3   | Acquired the +0 pair of boots "Unag" {rPois rF+ Dex+3}
 14636 | Lair:3   | 14636 ||| UPGRADING to +0 pair of boots "Unag" {rPois rF+
                  | Dex+3}.
 15383 | Lair:3   | 15383 ||| Stepping ~*~*~tactically~*~*~ (stealth).
 15385 | Lair:3   | 15385 ||| Stepping ~*~*~tactically~*~*~ (stealth).
 15387 | Lair:3   | 15387 ||| Stepping ~*~*~tactically~*~*~ (stealth).
 15390 | Lair:3   | 15390 ||| INVOKING Berserk.
 15395 | Lair:3   | Reached skill level 6 in Shields
 15617 | Lair:4   | 15617 ||| Stepping ~*~*~tactically~*~*~ (stealth).
 15621 | Lair:4   | 15621 ||| Stepping ~*~*~tactically~*~*~ (stealth).
 15622 | Lair:4   | 15622 ||| INVOKING Berserk.
 15632 | Lair:4   | 15632 ||| INVOKING Brothers in Arms.
 15633 | Lair:4   | 15633 ||| INVOKING Brothers in Arms.
 15930 | Lair:4   | 15930 ||| READING 2 scrolls of identify.
 15930 | Lair:4   | 15930 ||| IDENTIFYING fizzy emerald potion
 15931 | Lair:4   | 15931 ||| DRINKING potion of experience.
 15931 | Lair:4   | Reached XP level 13. HP: 118/118 MP: 12/12
 16182 | Lair:4   | 16182 ||| INVOKING Brothers in Arms.
 16185 | Lair:4   | 16185 ||| INVOKING Berserk.
 16194 | Lair:4   | Reached skill level 6 in Dodging
 16580 | Lair:4   | 16580 ||| DRINKING 2 silvery potions.
 16581 | Lair:4   | 16581 ||| DROPPING potion of magic.
 16608 | Lair:5   | Entered Level 5 of the Lair of Beasts
 16610 | Lair:5   | 16610 ||| Stepping ~*~*~tactically~*~*~ (stealth).
 16611 | Lair:5   | 16611 ||| Stepping ~*~*~tactically~*~*~ (stealth).
 16617 | Lair:5   | 16617 ||| Stepping ~*~*~tactically~*~*~ (stealth).
 16627 | Lair:5   | Reached XP level 14. HP: 84/126 MP: 7/13
 16630 | Lair:5   | 16630 ||| INVOKING Berserk.
 16639 | Lair:5   | 16639 ||| FLEEEEING.
 16641 | Lair:5   | 16641 ||| STAIRDANCE
 16786 | Lair:5   | 16786 ||| FLEEEEING.
 16787 | Lair:5   | 16787 ||| STAIRDANCE
 16840 | Lair:5   | 16840 ||| STAIRDANCE
 16847 | Lair:4   | Reached skill level 13 in Fighting
 16889 | Lair:5   | 16889 ||| Stepping ~*~*~tactically~*~*~ (stealth).
 16892 | Lair:5   | 16892 ||| INVOKING Berserk.
 16916 | Lair:5   | 16916 ||| FLEEEEING.
 16917 | Lair:5   | 16917 ||| STAIRDANCE
 17033 | Lair:5   | Reached skill level 9 in Shields
 17033 | Lair:5   | 17033 ||| STAIRDANCE
 17256 | Lair:5   | 17256 ||| Stepping ~*~*~tactically~*~*~ (stealth).
 17268 | Lair:5   | 17268 ||| INVOKING Berserk.
 17300 | Lair:5   | 17300 ||| Stepping ~*~*~tactically~*~*~ (stealth).
 17300 | Lair:5   | Found a staircase to the Slime Pits.
 17301 | Lair:5   | 17301 ||| Stepping ~*~*~tactically~*~*~ (stealth).
 17301 | Lair:5   | Found a viscous altar of Jiyva.
 17367 | Lair:5   | 17367 ||| Stepping ~*~*~tactically~*~*~ (stealth).
 17369 | Lair:5   | 17369 ||| Stepping ~*~*~tactically~*~*~ (stealth).
 17570 | Lair:5   | 17570 ||| INVOKING Brothers in Arms.
 17572 | Lair:5   | 17572 ||| Stepping ~*~*~tactically~*~*~ (cloud).
 17574 | Lair:5   | 17574 ||| INVOKING Berserk.
 17712 | Lair:5   | 17712 ||| Stepping ~*~*~tactically~*~*~ (stealth).
 17723 | Lair:5   | Reached skill level 6 in Throwing
 17936 | Lair:5   | 17936 ||| Stepping ~*~*~tactically~*~*~ (stealth).
 17949 | Lair:5   | Reached skill level 14 in Fighting
 17986 | Lair:5   | 17986 ||| INVOKING Berserk.
 18007 | Lair:5   | 18007 ||| INVOKING Brothers in Arms.
 18010 | Lair:5   | 18010 ||| Stepping ~*~*~tactically~*~*~ (cloud).
 18014 | Lair:5   | 18014 ||| Stepping ~*~*~tactically~*~*~ (cloud).
 18023 | Lair:5   | 18023 ||| Stepping ~*~*~tactically~*~*~ (cloud).
 18024 | Lair:5   | 18024 ||| Stepping ~*~*~tactically~*~*~ (cloud).
 18025 | Lair:5   | 18025 ||| Stepping ~*~*~tactically~*~*~ (cloud).
 18026 | Lair:5   | 18026 ||| Stepping ~*~*~tactically~*~*~ (cloud).
 18027 | Lair:5   | 18027 ||| Stepping randomly (cloudy).
 18028 | Lair:5   | 18028 ||| Stepping ~*~*~tactically~*~*~ (cloud).
 18038 | Lair:5   | 18038 ||| INVOKING Berserk.
 18310 | Lair:5   | 18310 ||| Stepping ~*~*~tactically~*~*~ (stealth).
 18346 | Lair:5   | 18346 ||| FLEEEEING.
 18448 | Lair:5   | 18448 ||| Stepping ~*~*~tactically~*~*~ (stealth).
 18927 | Lair:5   | 18927 ||| INVOKING Berserk.
 19049 | Lair:5   | 19049 ||| PLANNING D:1-11
 19229 | D:10     | Entered Level 10 of the Dungeon
 19249 | D:10     | 19249 ||| Stepping ~*~*~tactically~*~*~ (hiding).
 19378 | D:10     | Found a sacrificial altar of Ru.
 19631 | D:10     | Identified the +0 chain mail "Kyxtashru" {rC++ Regen+ rCorr
                  | Dex-5}
 19844 | D:10     | 19844 ||| Stepping ~*~*~tactically~*~*~ (hiding).
 19847 | D:10     | 19847 ||| Stepping ~*~*~tactically~*~*~ (stealth).
 19850 | D:10     | 19850 ||| Stepping ~*~*~tactically~*~*~ (hiding).
 19862 | D:10     | 19862 ||| Stepping ~*~*~tactically~*~*~ (stealth).
 19950 | D:10     | Found an ornate altar of the Wu Jian Council.
 20103 | D:10     | 20103 ||| UPGRADING to +6 ring of dexterity.
 20105 | D:10     | 20105 ||| DROPPING +6 ring of intelligence.
 20114 | D:11     | 20114 ||| PLANNING GAUNTLET
 20118 | D:11     | 20118 ||| Stepping ~*~*~tactically~*~*~ (hiding).
 20146 | D:11     | 20146 ||| FLEEEEING.
 20147 | D:11     | 20147 ||| STAIRDANCE
 20316 | D:11     | 20316 ||| READING scroll of enchant weapon.
 20316 | D:11     | 20316 ||| ENCHANTING +0 broad axe of flaming.
 20347 | D:11     | 20347 ||| Stepping ~*~*~tactically~*~*~ (stealth).
 20416 | D:11     | 20416 ||| Stepping ~*~*~tactically~*~*~ (stealth).
 20417 | D:11     | 20417 ||| Stepping ~*~*~tactically~*~*~ (stealth).
 20428 | D:11     | 20428 ||| Stepping ~*~*~tactically~*~*~ (stealth).
 20507 | D:11     | Found a gate leading to a gauntlet.
 20508 | D:11     | 20508 ||| UPGRADING to +2 buckler.
 20518 | D:11     | 20518 ||| DROPPING +0 buckler.
 20527 | Gauntlet | Entered a Gauntlet
 20527 | Gauntlet | Found a transporter.
 20537 | Gauntlet | Found a transporter.
 20551 | Gauntlet | Found a transporter.
 20556 | Gauntlet | Found a transporter.
 20557 | Gauntlet | Noticed a quicksilver ooze
 20571 | Gauntlet | Found a transporter.
 20590 | Gauntlet | Found a transporter.
 20602 | Gauntlet | Found a transporter.
 20614 | Gauntlet | Found a transporter.
 20620 | Gauntlet | Found a transporter.
 20620 | Gauntlet | Found a transporter.
 20639 | Gauntlet | Found a transporter.
 20651 | Gauntlet | Found a transporter.
 20669 | Gauntlet | Found a transporter.
 20686 | Gauntlet | Found a transporter.
 20688 | Gauntlet | Found a transporter.
 20715 | Gauntlet | Found a transporter.
 20737 | Gauntlet | Found a transporter.
 20930 | Gauntlet | Found a transporter.
 20972 | Gauntlet | Gained mutation: Armour fits poorly on your strangely
                  | shaped body. [a neqoxec]
 20997 | Gauntlet | 20997 ||| DRINKING 3 potions of mutation.
 20997 | Gauntlet | Lost mutation: Armour fits poorly on your strangely shaped
                  | body. [potion of mutation]
 20997 | Gauntlet | Gained mutation: You expend magic power (3 MP) to
                  | strengthen your wands. [potion of mutation]
 20997 | Gauntlet | Gained mutation: You are partially covered in iridescent
                  | scales. (AC +2) [potion of mutation]
 21009 | Gauntlet | 21009 ||| DROPPING +1 hat.
 21027 | Gauntlet | 21027 ||| INVOKING Brothers in Arms.
 21028 | Gauntlet | 21028 ||| INVOKING Brothers in Arms.
 21029 | Gauntlet | 21029 ||| INVOKING Brothers in Arms.
 21030 | Gauntlet | 21030 ||| INVOKING Brothers in Arms.
 21031 | Gauntlet | 21031 ||| Stepping ~*~*~tactically~*~*~ (cloud).
 21035 | Gauntlet | 21035 ||| INVOKING Berserk.
 21117 | Gauntlet | 21117 ||| READING scroll of enchant weapon.
 21117 | Gauntlet | 21117 ||| ENCHANTING +1 broad axe of flaming.
 21118 | Gauntlet | Identified the ring "Nopeses" {Will+ rCorr}
 21120 | Gauntlet | 21120 ||| UPGRADING to ring "Nopeses" {Will+ rCorr}.
 21139 | Gauntlet | 21139 ||| INVOKING Brothers in Arms.
 21141 | Gauntlet | 21141 ||| INVOKING Berserk.
 21254 | Gauntlet | Identified the ring "Jacviusy" {Fly rF+ rN+ rCorr EV+4}
 21397 | Gauntlet | 21397 ||| DROPPING ring of positive energy.
 21398 | Gauntlet | 21398 ||| UPGRADING to ring "Jacviusy" {Fly rF+ rN+ rCorr
                  | EV+4}.
 21400 | Gauntlet | 21400 ||| UPGRADING to +6 ring of dexterity.
 21402 | Gauntlet | 21402 ||| UPGRADING to ring of see invisible.
 21410 | D:11     | 21410 ||| PLANNING D:1-11
 21426 | D:11     | Found Teofeq's Book Emporium.
 21486 | D:11     | Identified the +3 sling "Hisebine" {venom, rN++ Will+ SInv}
 21496 | D:11     | 21496 ||| INVOKING Berserk.
 21498 | D:11     | Reached skill level 15 in Fighting
 21717 | D:11     | 21717 ||| PLANNING D
 21731 | D:12     | 21731 ||| STAIRDANCE
 21737 | D:12     | 21737 ||| INVOKING Berserk.
 21746 | D:12     | 21746 ||| FLEEEEING.
 21747 | D:12     | 21747 ||| Stepping ~*~*~tactically~*~*~ (stealth).
 21775 | D:12     | 21775 ||| FLEEEEING.
 21776 | D:12     | 21776 ||| STAIRDANCE
 21995 | D:12     | 21995 ||| INVOKING Berserk.
 22008 | D:12     | Reached XP level 15. HP: 141/141 MP: 14/14
 22309 | D:12     | 22309 ||| Stepping ~*~*~tactically~*~*~ (hiding).
 22311 | D:12     | 22311 ||| Stepping ~*~*~tactically~*~*~ (hiding).
 22503 | D:12     | 22503 ||| Stepping ~*~*~tactically~*~*~ (hiding).
 22854 | D:12     | 22854 ||| Stepping ~*~*~tactically~*~*~ (hiding).
 22858 | D:12     | 22858 ||| Stepping ~*~*~tactically~*~*~ (hiding).
 22900 | D:12     | Found a staircase to the Orcish Mines.
 22976 | D:12     | 22976 ||| UPGRADING to +0 kite shield of reflection.
 22986 | D:12     | 22986 ||| DROPPING +2 buckler.
 22987 | D:12     | 22987 ||| READING scroll labelled VYXTAO AMEU.
 22988 | D:12     | 22988 ||| READING 2 scrolls of identify.
 22988 | D:12     | 22988 ||| IDENTIFYING grey potion
 22989 | D:12     | 22989 ||| DROPPING potion of ambrosia.
 23067 | D:13     | 23067 ||| READING scroll of brand weapon.
 23067 | D:13     | 23067 ||| BRANDING +2 broad axe of flaming.
 23131 | D:13     | Noticed a fire giant
 23138 | D:13     | 23138 ||| INVOKING Berserk.
 23152 | D:13     | Killed a fire giant
 23186 | D:13     | 23186 ||| INVOKING Brothers in Arms.
 23202 | D:13     | 23202 ||| INVOKING Berserk.
 23216 | D:13     | 23216 ||| FLEEEEING.
 23217 | D:13     | 23217 ||| FLEEEEING.
 23453 | D:13     | 23453 ||| Stepping ~*~*~tactically~*~*~ (stealth).
 23533 | D:13     | 23533 ||| FLEEEEING.
 23550 | D:13     | 23550 ||| FLEEEEING.
 23551 | D:13     | 23551 ||| FLEEEEING.
 23640 | D:13     | Reached skill level 12 in Shields
 23734 | D:13     | 23734 ||| INVOKING Berserk.
 23856 | D:13     | Found a gate to the Vaults.
 24101 | D:13     | 24101 ||| Stepping ~*~*~tactically~*~*~ (cloud).
 24104 | D:13     | 24104 ||| Stepping ~*~*~tactically~*~*~ (cloud).
 24105 | D:13     | 24105 ||| Stepping ~*~*~tactically~*~*~ (cloud).
 24446 | D:13     | 24446 ||| INVOKING Brothers in Arms.
 24447 | D:13     | 24447 ||| SWAPPING to +2 mace of protection.
 24448 | D:13     | 24448 ||| INVOKING Berserk.
 24455 | D:13     | 24455 ||| SWAPPING to +2 broad axe of protection.
 24628 | D:13     | 24628 ||| Stepping ~*~*~tactically~*~*~ (hiding).
 24753 | D:13     | 24753 ||| DROPPING scarf of repulsion.
 24754 | D:13     | 24754 ||| DROPPING amulet of faith.
 24871 | D:14     | 24871 ||| DROPPING +2 mace of protection.
 24959 | D:14     | 24959 ||| Stepping ~*~*~tactically~*~*~ (stealth).
 25112 | D:14     | 25112 ||| Stepping ~*~*~tactically~*~*~ (hiding).
 25205 | D:14     | 25205 ||| Stepping ~*~*~tactically~*~*~ (hiding).
 25282 | D:14     | Received a gift from Trog
 25284 | D:14     | 25284 ||| DROPPING +0 flail.
 25324 | D:14     | 25324 ||| Stepping ~*~*~tactically~*~*~ (hiding).
 25433 | D:14     | Reached skill level 15 in Shields
 25608 | D:14     | 25608 ||| READING scroll labelled GEELESESAR.
 25634 | D:15     | Entered Level 15 of the Dungeon
 25782 | D:15     | 25782 ||| INVOKING Brothers in Arms.
 25784 | D:15     | 25784 ||| SWAPPING to +3 vorpal flail.
 25786 | D:15     | 25786 ||| INVOKING Berserk.
 25792 | D:15     | 25792 ||| SWAPPING to +2 broad axe of protection.
 25867 | D:15     | Reached skill level 16 in Fighting
 25883 | D:15     | 25883 ||| INVOKING Trog's Hand.
 25886 | D:15     | 25886 ||| INVOKING Berserk.
 25929 | D:15     | 25929 ||| FLEEEEING.
 25938 | D:15     | Reached XP level 16. HP: 149/151 MP: 13/15
 25953 | D:15     | 25953 ||| DROPPING +3 vorpal flail.
 26205 | D:15     | 26205 ||| Stepping ~*~*~tactically~*~*~ (stealth).
 26207 | D:15     | 26207 ||| Stepping ~*~*~tactically~*~*~ (hiding).
 26212 | D:15     | 26212 ||| INVOKING Berserk.
 26217 | D:15     | Reached skill level 9 in Dodging
 26221 | D:15     | 26221 ||| FLEEEEING.
 26222 | D:15     | 26222 ||| FLEEEEING.
 26223 | D:15     | 26223 ||| FLEEEEING.
 26224 | D:15     | 26224 ||| FLEEEEING.
 26225 | D:15     | 26225 ||| FLEEEEING.
 26229 | D:15     | 26229 ||| FLEEEEING.
 26230 | D:15     | 26230 ||| FLEEEEING.
 26231 | D:15     | 26231 ||| FLEEEEING.
 26232 | D:15     | 26232 ||| FLEEEEING.
 26233 | D:15     | 26233 ||| FLEEEEING.
 26234 | D:15     | 26234 ||| FLEEEEING.
 26235 | D:15     | 26235 ||| FLEEEEING.
 26236 | D:15     | 26236 ||| FLEEEEING.
 26243 | D:15     | 26243 ||| FLEEEEING.
 26244 | D:15     | 26244 ||| FLEEEEING.
 26245 | D:15     | 26245 ||| FLEEEEING.
 26246 | D:15     | 26246 ||| FLEEEEING.
 26247 | D:15     | 26247 ||| FLEEEEING.
 26248 | D:15     | 26248 ||| FLEEEEING.
 26267 | D:15     | 26267 ||| FLEEEEING.
 26268 | D:15     | 26268 ||| FLEEEEING.
 26269 | D:15     | 26269 ||| FLEEEEING.
 26270 | D:15     | 26270 ||| FLEEEEING.
 26271 | D:15     | 26271 ||| FLEEEEING.
 26272 | D:15     | 26272 ||| FLEEEEING.
 26273 | D:15     | 26273 ||| FLEEEEING.
 26274 | D:15     | 26274 ||| FLEEEEING.
 26275 | D:15     | 26275 ||| FLEEEEING.
 26276 | D:15     | 26276 ||| FLEEEEING.
 26277 | D:15     | 26277 ||| FLEEEEING.
 26278 | D:15     | 26278 ||| FLEEEEING.
 26293 | D:15     | 26293 ||| FLEEEEING.
 26294 | D:15     | 26294 ||| FLEEEEING.
 26295 | D:15     | 26295 ||| FLEEEEING.
 26311 | D:15     | 26311 ||| FLEEEEING.
 26312 | D:15     | 26312 ||| FLEEEEING.
 26313 | D:15     | 26313 ||| FLEEEEING.
 26314 | D:15     | 26314 ||| FLEEEEING.
 26315 | D:15     | 26315 ||| FLEEEEING.
 26330 | D:15     | 26330 ||| FLEEEEING.
 26444 | D:15     | 26444 ||| READING scroll of enchant armour.
 26444 | D:15     | 26444 ||| ENCHANTING +0 pair of gloves.
 26482 | D:15     | 26482 ||| Stepping ~*~*~tactically~*~*~ (hiding).
 26486 | D:15     | 26486 ||| INVOKING Berserk.
 26587 | D:15     | Found a staircase to the Depths.
 26826 | D:15     | Noticed Nessos
 26832 | D:15     | Killed Nessos
 26885 | D:15     | 26885 ||| PLANNING ORC
 27026 | Orc:1    | Entered Level 1 of the Orcish Mines
 27026 | Orc:1    | Noticed Nergalle
 27026 | Orc:1    | Found a radiant altar of Vehumet.
 27046 | Orc:1    | Killed Nergalle
 27047 | Orc:1    | Reached skill level 15 in Armour
 27262 | Orc:2    | Entered Level 2 of the Orcish Mines
 27281 | Orc:2    | Found Zaevucw's Antique Weapon Shoppe.
 27281 | Orc:2    | Found a staircase to the Elven Halls.
 27282 | Orc:2    | 27282 ||| INVOKING Trog's Hand.
 27285 | Orc:2    | 27285 ||| INVOKING Berserk.
 27470 | Orc:2    | 27470 ||| Stepping ~*~*~tactically~*~*~ (stealth).
 27473 | Orc:2    | 27473 ||| Stepping ~*~*~tactically~*~*~ (stealth).
 27474 | Orc:2    | 27474 ||| Stepping ~*~*~tactically~*~*~ (stealth).
 27476 | Orc:2    | 27476 ||| Stepping ~*~*~tactically~*~*~ (stealth).
 27478 | Orc:2    | 27478 ||| Stepping ~*~*~tactically~*~*~ (stealth).
 27479 | Orc:2    | 27479 ||| Stepping ~*~*~tactically~*~*~ (stealth).
 27480 | Orc:2    | 27480 ||| Stepping ~*~*~tactically~*~*~ (hiding).
 27482 | Orc:2    | 27482 ||| Stepping ~*~*~tactically~*~*~ (hiding).
 27486 | Orc:2    | 27486 ||| INVOKING Berserk.
 27613 | Orc:2    | Found Epsool's Antique Armour Shoppe.
 27622 | Orc:2    | 27622 ||| BUYING glimmering chain mail (228 gold).
 27622 | Orc:2    | Bought a glimmering chain mail for 228 gold pieces
 27622 | Orc:2    | Identified the +2 chain mail "Vaqyumyv" {Int+4 Dex+4} (You
                  | bought it in a shop on level 2 of the Orcish Mines)
 27732 | Orc:2    | 27732 ||| INVOKING Trog's Hand.
 27735 | Orc:2    | 27735 ||| INVOKING Brothers in Arms.
 27736 | Orc:2    | 27736 ||| INVOKING Berserk.
 27740 | Orc:2    | Found Raczivo's General Store.
 27994 | Orc:2    | 27994 ||| BUYING scroll of identify (24 gold).
 27994 | Orc:2    | Bought a scroll of identify for 24 gold pieces
 28074 | Orc:2    | Found Jiogg's Book Shoppe.
 28078 | Orc:2    | 28078 ||| INVOKING Berserk.
 28083 | Orc:2    | Reached skill level 17 in Fighting
 28269 | Orc:2    | Noticed qw's ghost (adept GrBe)
 28364 | Orc:2    | Found a transporter.
 28419 | Orc:2    | Found a transporter.
 28514 | Orc:2    | 28514 ||| UPGRADING to +2 chain mail "Vaqyumyv" {Int+4
                  | Dex+4}.
 28566 | Orc:1    | 28566 ||| INVOKING Berserk.
 28905 | Orc:1    | 28905 ||| PLANNING SWAMP:1-3
 29115 | Swamp:1  | Entered Level 1 of the Swamp
 29141 | Swamp:1  | 29141 ||| Stepping ~*~*~tactically~*~*~ (hiding).
 29251 | Swamp:1  | 29251 ||| INVOKING Berserk.
 29444 | Swamp:1  | 29444 ||| INVOKING Berserk.
 29609 | Swamp:1  | 29609 ||| Stepping ~*~*~tactically~*~*~ (hiding).
 29843 | Swamp:1  | 29843 ||| Stepping ~*~*~tactically~*~*~ (hiding).
 29845 | Swamp:1  | 29845 ||| INVOKING Berserk.
 30039 | Swamp:1  | 30039 ||| READING scroll of acquirement.
 30039 | Swamp:1  | 30039 ||| ACQUIRING +14 obsidian axe {vorpal, Mesm Drain
                  | Fly SInv}
 30039 | Swamp:1  | Acquired the +14 obsidian axe {vorpal, Mesm Drain Fly SInv}
 30039 | Swamp:1  | Found the +14 obsidian axe {vorpal, Mesm Drain Fly SInv}
 30438 | Swamp:2  | 30438 ||| STAIRDANCE
 30440 | Swamp:1  | 30440 ||| INVOKING Berserk.
 30553 | Swamp:2  | 30553 ||| INVOKING Berserk.
 30560 | Swamp:2  | Received a gift from Trog
 30704 | Swamp:2  | 30704 ||| Stepping ~*~*~tactically~*~*~ (hiding).
 30756 | Swamp:2  | Reached skill level 9 in Throwing
 31109 | Swamp:2  | 31109 ||| INVOKING Berserk.
 31369 | Swamp:2  | 31369 ||| DROPPING ring of willpower.
 31404 | Swamp:3  | 31404 ||| INVOKING Brothers in Arms.
 31405 | Swamp:3  | 31405 ||| INVOKING Brothers in Arms.
 31407 | Swamp:3  | 31407 ||| SWAPPING to +2 war axe of flaming.
 31413 | Swamp:3  | 31413 ||| SWAPPING to +2 broad axe of protection.
 31460 | Swamp:3  | 31460 ||| READING scroll of enchant armour.
 31460 | Swamp:3  | 31460 ||| ENCHANTING +1 pair of gloves.
 31477 | Swamp:3  | 31477 ||| SWAPPING to +2 war axe of flaming.
 31481 | Swamp:3  | 31481 ||| SWAPPING to +2 broad axe of protection.
 31517 | Swamp:3  | 31517 ||| FLEEEEING.
 31553 | Swamp:3  | 31553 ||| Stepping ~*~*~tactically~*~*~ (hiding).
 31554 | Swamp:3  | 31554 ||| INVOKING Berserk.
 31835 | Swamp:3  | 31835 ||| INVOKING Berserk.
 32477 | Swamp:3  | 32477 ||| PLANNING SPIDER:1-3
 32619 | Spider:1 | Entered Level 1 of the Spider Nest
 32640 | Spider:1 | 32640 ||| Stepping ~*~*~tactically~*~*~ (hiding).
 32650 | Spider:1 | Paralysed by a jorogumo for 1 turns
 32840 | Spider:1 | 32840 ||| Stepping ~*~*~tactically~*~*~ (stealth).
 32842 | Spider:1 | Noticed Josephine
 32851 | Spider:1 | Killed Josephine
 32874 | Spider:1 | 32874 ||| Stepping ~*~*~tactically~*~*~ (stealth).
 32879 | Spider:1 | 32879 ||| INVOKING Berserk.
 32899 | Spider:1 | 32899 ||| Stepping ~*~*~tactically~*~*~ (stealth).
 32900 | Spider:1 | 32900 ||| Stepping ~*~*~tactically~*~*~ (stealth).
 32901 | Spider:1 | 32901 ||| Stepping ~*~*~tactically~*~*~ (stealth).
 32928 | Spider:1 | 32928 ||| INVOKING Berserk.
 33082 | Spider:1 | 33082 ||| Stepping ~*~*~tactically~*~*~ (stealth).
 33105 | Spider:1 | 33105 ||| Stepping ~*~*~tactically~*~*~ (stealth).
 33107 | Spider:1 | 33107 ||| Stepping ~*~*~tactically~*~*~ (stealth).
 33112 | Spider:1 | 33112 ||| Stepping ~*~*~tactically~*~*~ (stealth).
 33157 | Spider:1 | 33157 ||| Stepping ~*~*~tactically~*~*~ (stealth).
 33160 | Spider:1 | 33160 ||| INVOKING Brothers in Arms.
 33175 | Spider:1 | Noticed Donald
 33179 | Spider:1 | 33179 ||| INVOKING Berserk.
 33181 | Spider:1 | Killed Donald
 33284 | Spider:1 | Noticed Agnes
 33286 | Spider:1 | 33286 ||| INVOKING Berserk.
 33292 | Spider:1 | Killed Agnes
 33429 | Spider:1 | 33429 ||| Stepping ~*~*~tactically~*~*~ (hiding).
 33434 | Spider:1 | 33434 ||| INVOKING Brothers in Arms.
 33764 | Spider:1 | 33764 ||| Stepping ~*~*~tactically~*~*~ (stealth).
 33770 | Spider:1 | 33770 ||| Stepping ~*~*~tactically~*~*~ (stealth).
 33772 | Spider:1 | 33772 ||| Stepping ~*~*~tactically~*~*~ (stealth).
 33773 | Spider:1 | 33773 ||| Stepping ~*~*~tactically~*~*~ (stealth).
 33774 | Spider:1 | 33774 ||| Stepping ~*~*~tactically~*~*~ (stealth).
 33783 | Spider:1 | Reached XP level 17. HP: 155/163 MP: 12/16
 33803 | Spider:1 | 33803 ||| Stepping ~*~*~tactically~*~*~ (stealth).
 34029 | Spider:1 | Reached skill level 18 in Fighting
 34198 | Spider:2 | 34198 ||| STAIRDANCE
 34203 | Spider:2 | 34203 ||| DRINKING 8 potions of curing.
 34203 | Spider:2 | 34203 ||| (to cure confusion)
 34205 | Spider:2 | 34205 ||| DRINKING 7 potions of curing.
 34205 | Spider:2 | 34205 ||| (to cure confusion)
 34213 | Spider:2 | 34213 ||| INVOKING Berserk.
 34219 | Spider:2 | 34219 ||| STAIRDANCE
 34336 | Spider:2 | 34336 ||| DRINKING 6 potions of curing.
 34336 | Spider:2 | 34336 ||| (to cure confusion)
 34367 | Spider:2 | 34367 ||| Stepping ~*~*~tactically~*~*~ (stealth).
 34380 | Spider:2 | 34380 ||| Stepping ~*~*~tactically~*~*~ (stealth).
 34382 | Spider:2 | 34382 ||| Stepping ~*~*~tactically~*~*~ (stealth).
 34390 | Spider:2 | 34390 ||| DRINKING 5 potions of curing.
 34390 | Spider:2 | 34390 ||| (to cure confusion)
 34453 | Spider:2 | 34453 ||| Stepping ~*~*~tactically~*~*~ (stealth).
 34503 | Spider:2 | 34503 ||| Stepping ~*~*~tactically~*~*~ (stealth).
 34533 | Spider:2 | Identified the +3 ring mail of Lilacs {rCorr}
 34573 | Spider:2 | Identified the +0 kite shield of the Turtle {rN+ rCorr
                  | Dex-5}
 34598 | Spider:2 | 34598 ||| INVOKING Brothers in Arms.
 34607 | Spider:2 | Reached skill level 12 in Dodging
 34662 | Spider:2 | 34662 ||| INVOKING Berserk.
 34833 | Spider:2 | 34833 ||| INVOKING Brothers in Arms.
 34834 | Spider:2 | 34834 ||| INVOKING Brothers in Arms.
 35124 | Spider:2 | 35124 ||| DROPPING +0 kite shield of the Turtle {rN+ rCorr
                  | Dex-5}.
 35177 | Spider:3 | 35177 ||| Stepping ~*~*~tactically~*~*~ (stealth).
 35219 | Spider:3 | 35219 ||| Stepping ~*~*~tactically~*~*~ (stealth).
 35282 | Spider:3 | 35282 ||| DRINKING 5 potions of curing.
 35282 | Spider:3 | 35282 ||| (to cure confusion)
 35285 | Spider:3 | Reached skill level 19 in Fighting
 35293 | Spider:3 | Noticed Bai Suzhen
 35293 | Spider:3 | 35293 ||| INVOKING Brothers in Arms.
 35294 | Spider:3 | 35294 ||| INVOKING Berserk.
 35312 | Spider:3 | Killed Bai Suzhen
 35342 | Spider:3 | 35342 ||| DRINKING 4 potions of curing.
 35342 | Spider:3 | 35342 ||| (to cure confusion)
 36061 | Spider:3 | 36061 ||| PLANNING SWAMP:4
 36061 | Spider:3 | 36061 ||| DROPPING +0 ice dragon scales.
 36062 | Spider:3 | 36062 ||| DROPPING +0 storm dragon scales.
 36063 | Spider:3 | 36063 ||| DROPPING +0 chain mail "Kyxtashru" {rC++ Regen+
                  | rCorr Dex-5}.
 36064 | Spider:3 | 36064 ||| DROPPING +2 chain mail of poison resistance.
 36065 | Spider:3 | 36065 ||| UPGRADING to +3 storm dragon scales {Bai Suzhen}.
 36075 | Spider:3 | 36075 ||| DROPPING +2 chain mail "Vaqyumyv" {Int+4 Dex+4}.
 36076 | Spider:3 | 36076 ||| DROPPING ring of magical power.
 36077 | Spider:3 | 36077 ||| READING 9 scrolls of identify.
 36077 | Spider:3 | 36077 ||| IDENTIFYING metallic black potion
 36078 | Spider:3 | 36078 ||| DROPPING potion of flight.
 36264 | Swamp:4  | Entered Level 4 of the Swamp
 36265 | Swamp:4  | 36265 ||| STAIRDANCE
 36271 | Swamp:4  | 36271 ||| STAIRDANCE
 36273 | Swamp:3  | 36273 ||| SWAPPING to +2 war axe of flaming.
 36278 | Swamp:3  | 36278 ||| SWAPPING to +2 broad axe of protection.
 36509 | Swamp:4  | 36509 ||| INVOKING Trog's Hand.
 36511 | Swamp:4  | 36511 ||| INVOKING Berserk.
 36634 | Swamp:4  | 36634 ||| SWAPPING to +2 war axe of flaming.
 36639 | Swamp:4  | 36639 ||| Stepping ~*~*~tactically~*~*~ (stealth).
 36643 | Swamp:4  | 36643 ||| SWAPPING to +2 broad axe of protection.
 36645 | Swamp:4  | 36645 ||| SWAPPING to +2 war axe of flaming.
 36653 | Swamp:4  | 36653 ||| SWAPPING to +2 broad axe of protection.
 36658 | Swamp:4  | 36658 ||| SWAPPING to +2 war axe of flaming.
 36662 | Swamp:4  | 36662 ||| Stepping ~*~*~tactically~*~*~ (hiding).
 36668 | Swamp:4  | 36668 ||| SWAPPING to +2 broad axe of protection.
 36675 | Swamp:4  | 36675 ||| SWAPPING to +2 war axe of flaming.
 36677 | Swamp:4  | 36677 ||| INVOKING Brothers in Arms.
 36678 | Swamp:4  | 36678 ||| INVOKING Brothers in Arms.
 36682 | Swamp:4  | 36682 ||| SWAPPING to +2 broad axe of protection.
 36683 | Swamp:4  | 36683 ||| INVOKING Berserk.
 36722 | Swamp:4  | 36722 ||| INVOKING Brothers in Arms.
 36723 | Swamp:4  | 36723 ||| SWAPPING to +2 war axe of flaming.
 36726 | Swamp:4  | 36726 ||| SWAPPING to +2 broad axe of protection.
 36737 | Swamp:4  | 36737 ||| Stepping ~*~*~tactically~*~*~ (stealth).
 36740 | Swamp:4  | HP: 40/168 [will-o-the-wisp/foxfire (6)]
 36741 | Swamp:4  | 36741 ||| READING 14 scrolls of teleportation.
 36742 | Swamp:4  | 36742 ||| DRINKING 6 potions of heal wounds.
 36876 | Swamp:4  | 36876 ||| FLEEEEING.
 36877 | Swamp:4  | 36877 ||| FLEEEEING.
 36878 | Swamp:4  | 36878 ||| FLEEEEING.
 36879 | Swamp:4  | 36879 ||| FLEEEEING.
 36881 | Swamp:4  | 36881 ||| FLEEEEING.
 36882 | Swamp:4  | 36882 ||| FLEEEEING.
 36883 | Swamp:4  | 36883 ||| STAIRDANCE
 37055 | Swamp:4  | 37055 ||| STAIRDANCE
 37057 | Swamp:3  | 37057 ||| SWAPPING to +2 war axe of flaming.
 37064 | Swamp:3  | 37064 ||| SWAPPING to +2 broad axe of protection.
 37131 | Swamp:4  | 37131 ||| STAIRDANCE
 37170 | Swamp:4  | 37170 ||| Stepping ~*~*~tactically~*~*~ (hiding).
 37171 | Swamp:4  | 37171 ||| Stepping ~*~*~tactically~*~*~ (hiding).
 37175 | Swamp:4  | 37175 ||| Stepping ~*~*~tactically~*~*~ (stealth).
 37192 | Swamp:4  | 37192 ||| Stepping ~*~*~tactically~*~*~ (stealth).
 37359 | Swamp:4  | Got a decaying rune of Zot
 37407 | Swamp:4  | 37407 ||| PLANNING VAULTS:1-4
 37407 | Swamp:4  | 37407 ||| UPGRADING to amulet of Ymud {Faith Will+}.
 37682 | Vaults:1 | Entered Level 1 of the Vaults
 37683 | Vaults:1 | 37683 ||| INVOKING Trog's Hand.
 37713 | Vaults:1 | 37713 ||| Stepping ~*~*~tactically~*~*~ (hiding).
 37779 | Vaults:1 | Noticed Saint Roka
 37780 | Vaults:1 | 37780 ||| Stepping ~*~*~tactically~*~*~ (stealth).
 37782 | Vaults:1 | 37782 ||| Stepping ~*~*~tactically~*~*~ (hiding).
 37790 | Vaults:1 | 37790 ||| INVOKING Berserk.
 37802 | Vaults:1 | Reached XP level 18. HP: 176/176 MP: 17/17
 37803 | Vaults:1 | Killed Saint Roka
 37880 | Vaults:1 | 37880 ||| DROPPING +2 war axe of flaming.
 37893 | Vaults:1 | 37893 ||| Stepping ~*~*~tactically~*~*~ (hiding).
 37895 | Vaults:1 | 37895 ||| Stepping ~*~*~tactically~*~*~ (hiding).
 38021 | Vaults:1 | 38021 ||| Stepping ~*~*~tactically~*~*~ (stealth).
 38022 | Vaults:1 | 38022 ||| INVOKING Brothers in Arms.
 38024 | Vaults:1 | 38024 ||| INVOKING Berserk.
 38300 | Vaults:1 | 38300 ||| Stepping ~*~*~tactically~*~*~ (hiding).
 38440 | Vaults:1 | 38440 ||| INVOKING Berserk.
 38480 | Vaults:1 | 38480 ||| Stepping ~*~*~tactically~*~*~ (stealth).
 38561 | Vaults:1 | 38561 ||| Stepping ~*~*~tactically~*~*~ (stealth).
 38570 | Vaults:1 | 38570 ||| INVOKING Trog's Hand.
 38623 | Vaults:1 | 38623 ||| Stepping ~*~*~tactically~*~*~ (stealth).
 38627 | Vaults:1 | 38627 ||| Stepping ~*~*~tactically~*~*~ (stealth).
 38658 | Vaults:1 | Reached skill level 18 in Armour
 38664 | Vaults:1 | 38664 ||| INVOKING Trog's Hand.
 38772 | Vaults:1 | Found a runed translucent gate.
 38772 | Vaults:1 | Found a runed translucent gate.
 38773 | Vaults:1 | Found a runed translucent gate.
 38773 | Vaults:1 | Found an opulent altar of Gozag.
 38773 | Vaults:1 | Noticed qw's ghost (adept TrCA)
 38782 | Vaults:1 | 38782 ||| INVOKING Trog's Hand.
 38876 | Vaults:1 | Noticed a lich
 38877 | Vaults:1 | 38877 ||| INVOKING Trog's Hand.
 38878 | Vaults:1 | 38878 ||| INVOKING Brothers in Arms.
 38881 | Vaults:1 | 38881 ||| INVOKING Berserk.
 38886 | Vaults:1 | Killed a lich
 38911 | Vaults:1 | 38911 ||| Stepping ~*~*~tactically~*~*~ (stealth).
 39042 | Vaults:1 | 39042 ||| Stepping ~*~*~tactically~*~*~ (stealth).
 39045 | Vaults:1 | 39045 ||| Stepping ~*~*~tactically~*~*~ (hiding).
 39089 | Vaults:1 | 39089 ||| READING 13 scrolls of teleportation.
 39163 | Vaults:1 | 39163 ||| Stepping ~*~*~tactically~*~*~ (hiding).
 39166 | Vaults:1 | 39166 ||| INVOKING Trog's Hand.
 39371 | Vaults:1 | 39371 ||| Stepping ~*~*~tactically~*~*~ (stealth).
 39375 | Vaults:1 | 39375 ||| Stepping ~*~*~tactically~*~*~ (stealth).
 39405 | Vaults:1 | 39405 ||| Stepping ~*~*~tactically~*~*~ (stealth).
 39414 | Vaults:1 | 39414 ||| Stepping ~*~*~tactically~*~*~ (hiding).
 39431 | Vaults:1 | Reached skill level 20 in Fighting
 39472 | Vaults:1 | 39472 ||| INVOKING Berserk.
 39669 | Vaults:1 | 39669 ||| Stepping ~*~*~tactically~*~*~ (stealth).
 39816 | Vaults:1 | 39816 ||| READING 13 scrolls of teleportation.
 39917 | Vaults:1 | 39917 ||| INVOKING Trog's Hand.
 40222 | Vaults:1 | Found Myceod's Assorted Antiques.
 40226 | Vaults:1 | 40226 ||| READING 12 scrolls of teleportation.
 40354 | Vaults:2 | 40354 ||| Stepping ~*~*~tactically~*~*~ (stealth).
 40431 | Vaults:2 | 40431 ||| INVOKING Trog's Hand.
 40457 | Vaults:2 | 40457 ||| Stepping ~*~*~tactically~*~*~ (hiding).
 40478 | Vaults:2 | Identified the +10 quarterstaff "Bixtuv" {vorpal, *Slow
                  | rElec rPois rN++} (Trog gifted it to you on level 2 of the
                  | Vaults)
 40478 | Vaults:2 | Received a gift from Trog
 40625 | Vaults:2 | 40625 ||| Stepping ~*~*~tactically~*~*~ (stealth).
 40629 | Vaults:2 | 40629 ||| Stepping ~*~*~tactically~*~*~ (stealth).
 40631 | Vaults:2 | 40631 ||| Stepping ~*~*~tactically~*~*~ (hiding).
 40632 | Vaults:2 | 40632 ||| Stepping ~*~*~tactically~*~*~ (hiding).
 40633 | Vaults:2 | 40633 ||| INVOKING Trog's Hand.
 40640 | Vaults:2 | 40640 ||| INVOKING Berserk.
 41075 | Vaults:2 | 41075 ||| INVOKING Trog's Hand.
 41077 | Vaults:2 | Noticed a lich
 41078 | Vaults:2 | 41078 ||| Stepping ~*~*~tactically~*~*~ (hiding).
 41080 | Vaults:2 | 41080 ||| INVOKING Brothers in Arms.
 41081 | Vaults:2 | 41081 ||| INVOKING Berserk.
 41092 | Vaults:2 | Killed a lich
 41120 | Vaults:2 | 41120 ||| INVOKING Trog's Hand.
 41481 | Vaults:2 | 41481 ||| READING scroll of enchant weapon.
 41481 | Vaults:2 | 41481 ||| ENCHANTING +2 broad axe of protection.
 41490 | Vaults:2 | 41490 ||| Stepping ~*~*~tactically~*~*~ (stealth).
 41493 | Vaults:2 | Reached skill level 21 in Fighting
 41493 | Vaults:2 | 41493 ||| Stepping ~*~*~tactically~*~*~ (stealth).
 41496 | Vaults:2 | 41496 ||| Stepping ~*~*~tactically~*~*~ (stealth).
 41514 | Vaults:2 | 41514 ||| Stepping ~*~*~tactically~*~*~ (stealth).
 41528 | Vaults:2 | 41528 ||| Stepping ~*~*~tactically~*~*~ (cloud).
 41530 | Vaults:2 | Reached XP level 19. HP: 151/189 MP: 18/18
 41756 | Vaults:2 | 41756 ||| FLEEEEING.
 41757 | Vaults:2 | 41757 ||| FLEEEEING.
 41758 | Vaults:2 | 41758 ||| FLEEEEING.
 41759 | Vaults:2 | 41759 ||| FLEEEEING.
 41760 | Vaults:2 | 41760 ||| FLEEEEING.
 41761 | Vaults:2 | 41761 ||| Stepping ~*~*~tactically~*~*~ (hiding).
 41762 | Vaults:2 | 41762 ||| Stepping ~*~*~tactically~*~*~ (hiding).
 41764 | Vaults:2 | 41764 ||| Stepping ~*~*~tactically~*~*~ (hiding).
 41766 | Vaults:2 | 41766 ||| INVOKING Trog's Hand.
 41855 | Vaults:2 | 41855 ||| Stepping ~*~*~tactically~*~*~ (stealth).
 41865 | Vaults:2 | 41865 ||| Stepping ~*~*~tactically~*~*~ (stealth).
 41866 | Vaults:2 | 41866 ||| Stepping ~*~*~tactically~*~*~ (stealth).
 41867 | Vaults:2 | 41867 ||| Stepping ~*~*~tactically~*~*~ (stealth).
 41868 | Vaults:2 | 41868 ||| Stepping ~*~*~tactically~*~*~ (stealth).
 42027 | Vaults:2 | 42027 ||| READING scroll of brand weapon.
 42027 | Vaults:2 | 42027 ||| BRANDING +3 broad axe of protection.
 42028 | Vaults:2 | 42028 ||| SWAPPING to +14 obsidian axe {vorpal, Mesm Drain
                  | Fly SInv}.
 42029 | Vaults:2 | 42029 ||| REMOVING ring of see invisible.
 42030 | Vaults:2 | 42030 ||| DROPPING +3 vorpal broad axe.
 42144 | Vaults:2 | 42144 ||| READING scroll of acquirement.
 42144 | Vaults:2 | 42144 ||| ACQUIRING amulet "Xiwkiw" {Rampage rN+ Regen+}
 42144 | Vaults:2 | Acquired the amulet "Xiwkiw" {Rampage rN+ Regen+}
 42146 | Vaults:2 | 42146 ||| DROPPING amulet of guardian spirit.
 42147 | Vaults:2 | 42147 ||| UPGRADING to +0 tower shield.
 42157 | Vaults:2 | 42157 ||| DROPPING +0 kite shield of reflection.
 42158 | Vaults:2 | 42158 ||| UPGRADING to ring "Nopeses" {Will+ rCorr}.
 42159 | Vaults:2 | 42159 ||| DROPPING ring of protection from cold.
 42160 | Vaults:2 | 42160 ||| UPGRADING to +4 ring of evasion.
 42162 | Vaults:2 | 42162 ||| DROPPING ring of see invisible.
 42163 | Vaults:2 | 42163 ||| DROPPING +6 ring of dexterity.
 42164 | Vaults:2 | 42164 ||| DROPPING ring "Nopeses" {Will+ rCorr}.
 42195 | Vaults:3 | 42195 ||| Stepping ~*~*~tactically~*~*~ (stealth).
 42200 | Vaults:3 | Reached skill level 18 in Shields
 42226 | Vaults:3 | 42226 ||| Stepping ~*~*~tactically~*~*~ (stealth).
 42238 | Vaults:3 | 42238 ||| FLEEEEING.
 42467 | Vaults:3 | 42467 ||| INVOKING Trog's Hand.
 42468 | Vaults:3 | 42468 ||| INVOKING Brothers in Arms.
 42470 | Vaults:3 | 42470 ||| INVOKING Brothers in Arms.
 42473 | Vaults:3 | 42473 ||| INVOKING Berserk.
 42666 | Vaults:3 | 42666 ||| INVOKING Trog's Hand.
 42667 | Vaults:3 | Noticed Frederick
 42668 | Vaults:3 | 42668 ||| INVOKING Brothers in Arms.
 42677 | Vaults:3 | 42677 ||| INVOKING Berserk.
 42679 | Vaults:3 | Killed Frederick
 42937 | Vaults:3 | 42937 ||| Stepping ~*~*~tactically~*~*~ (hiding).
 42970 | Vaults:3 | 42970 ||| READING scroll of acquirement.
 42970 | Vaults:3 | 42970 ||| ACQUIRING +2 broad axe "Beor" {vorpal, rPois rN+
                  | Str-2 Dex+4}
 42970 | Vaults:3 | Acquired the +2 broad axe "Beor" {vorpal, rPois rN+ Str-2
                  | Dex+4}
 43000 | Vaults:3 | 43000 ||| Stepping ~*~*~tactically~*~*~ (hiding).
 43321 | Vaults:3 | 43321 ||| INVOKING Trog's Hand.
 43351 | Vaults:3 | Found a staircase to the Crypt.
 43355 | Vaults:3 | 43355 ||| INVOKING Trog's Hand.
 43556 | Vaults:3 | 43556 ||| INVOKING Trog's Hand.
 43586 | Vaults:3 | Noticed a golden dragon
 43587 | Vaults:3 | 43587 ||| Stepping ~*~*~tactically~*~*~ (hiding).
 43589 | Vaults:3 | 43589 ||| Stepping ~*~*~tactically~*~*~ (hiding).
 43591 | Vaults:3 | 43591 ||| INVOKING Brothers in Arms.
 43602 | Vaults:3 | Killed a golden dragon
 43738 | Vaults:3 | Found Emufremn's Weapon Boutique.
 43903 | Vaults:3 | 43903 ||| INVOKING Trog's Hand.
 44063 | Vaults:4 | 44063 ||| PLANNING WIZLAB
 44067 | Vaults:4 | 44067 ||| Stepping ~*~*~tactically~*~*~ (hiding).
 44110 | Vaults:4 | 44110 ||| Stepping ~*~*~tactically~*~*~ (stealth).
 44112 | Vaults:4 | 44112 ||| Stepping ~*~*~tactically~*~*~ (hiding).
 44116 | Vaults:4 | 44116 ||| Stepping ~*~*~tactically~*~*~ (hiding).
 44203 | Vaults:4 | Found a magical portal.
 44204 | Vaults:4 | 44204 ||| UPGRADING to amulet "Xiwkiw" {Rampage rN+
                  | Regen+}.
 44214 | Vaults:4 | 44214 ||| DROPPING amulet of Ymud {Faith Will+}.
 44222 | WizLab   | Entered Lehudib's Moon Base
 44243 | WizLab   | 44243 ||| Stepping ~*~*~tactically~*~*~ (hiding).
 44369 | WizLab   | 44369 ||| DRINKING 8 potions of curing.
 44369 | WizLab   | 44369 ||| (to cure confusion)
 44370 | WizLab   | 44370 ||| DRINKING 7 potions of curing.
 44370 | WizLab   | 44370 ||| (to cure confusion)
 44372 | WizLab   | 44372 ||| Stepping ~*~*~tactically~*~*~ (hiding).
 44373 | WizLab   | 44373 ||| DRINKING 6 potions of curing.
 44373 | WizLab   | 44373 ||| (to cure confusion)
 44374 | WizLab   | 44374 ||| INVOKING Trog's Hand.
 44403 | WizLab   | 44403 ||| Stepping ~*~*~tactically~*~*~ (hiding).
 44421 | WizLab   | 44421 ||| Stepping ~*~*~tactically~*~*~ (hiding).
 44549 | WizLab   | 44549 ||| INVOKING Trog's Hand.
 44558 | WizLab   | Paralysed by accursed screaming for 1 turns
 44712 | WizLab   | 44712 ||| Stepping ~*~*~tactically~*~*~ (hiding).
 44770 | WizLab   | Identified the amulet of Rion {Reflect Fly Slay+4 SH+5}
 44780 | WizLab   | 44780 ||| DRINKING 5 potions of curing.
 44780 | WizLab   | 44780 ||| (to cure confusion)
 44781 | WizLab   | 44781 ||| DRINKING 4 potions of curing.
 44781 | WizLab   | 44781 ||| (to cure confusion)
 44782 | WizLab   | 44782 ||| DRINKING 3 potions of curing.
 44782 | WizLab   | 44782 ||| (to cure confusion)
 44783 | WizLab   | 44783 ||| DRINKING 2 potions of curing.
 44783 | WizLab   | 44783 ||| (to cure confusion)
 44784 | WizLab   | 44784 ||| DRINKING potion of curing.
 44784 | WizLab   | 44784 ||| (to cure confusion)
 44787 | WizLab   | 44787 ||| INVOKING Trog's Hand.
 44788 | WizLab   | Gained mutation: You occasionally lose the ability to drink
                  | potions when taking damage. [a cacodemon]
 44801 | WizLab   | 44801 ||| DRINKING 5 potions of mutation.
 44801 | WizLab   | Lost mutation: You are partially covered in iridescent
                  | scales. (AC +2) [potion of mutation]
 44801 | WizLab   | Lost mutation: You expend magic power (3 MP) to strengthen
                  | your wands. [potion of mutation]
 44801 | WizLab   | Gained mutation: Your system is resistant to poisons.
                  | (rPois) [potion of mutation]
 44801 | WizLab   | Gained mutation: Your movements are slightly less
                  | encumbered by armour. (ER -2) [potion of mutation]
 44802 | WizLab   | 44802 ||| DROPPING +2 broad axe "Beor" {vorpal, rPois rN+
                  | Str-2 Dex+4}.
 44803 | WizLab   | 44803 ||| DRINKING 4 potions of mutation.
 44803 | WizLab   | Lost mutation: You occasionally lose the ability to drink
                  | potions when taking damage. [potion of mutation]
 44803 | WizLab   | Lost mutation: Your system is resistant to poisons. (rPois)
                  | [potion of mutation]
 44803 | WizLab   | Gained mutation: Potions are less effective at restoring
                  | your health. [potion of mutation]
 44804 | WizLab   | 44804 ||| DRINKING 3 potions of mutation.
 44804 | WizLab   | Lost mutation: Potions are less effective at restoring your
                  | health. [potion of mutation]
 44804 | WizLab   | Lost mutation: Your movements are slightly less encumbered
                  | by armour. (ER -2) [potion of mutation]
 44804 | WizLab   | Gained mutation: Armour fits poorly on your strangely
                  | shaped body. [potion of mutation]
 44805 | WizLab   | 44805 ||| DRINKING 2 potions of mutation.
 44805 | WizLab   | Lost mutation: Armour fits poorly on your strangely shaped
                  | body. [potion of mutation]
 44805 | WizLab   | Gained mutation: You have a pair of large horns on your
                  | head. [potion of mutation]
 44845 | WizLab   | Found a transporter.
 44849 | WizLab   | 44849 ||| Stepping ~*~*~tactically~*~*~ (hiding).
 44974 | WizLab   | 44974 ||| INVOKING Trog's Hand.
 44977 | WizLab   | 44977 ||| Stepping ~*~*~tactically~*~*~ (hiding).
 44982 | WizLab   | Reached skill level 21 in Shields
 44997 | WizLab   | 44997 ||| Stepping ~*~*~tactically~*~*~ (hiding).
 45108 | WizLab   | 45108 ||| Stepping ~*~*~tactically~*~*~ (hiding).
 45112 | WizLab   | 45112 ||| INVOKING Trog's Hand.
 45119 | WizLab   | Reached skill level 12 in Throwing
 45120 | WizLab   | 45120 ||| Stepping ~*~*~tactically~*~*~ (hiding).
 45125 | WizLab   | 45125 ||| INVOKING Trog's Hand.
 45143 | WizLab   | 45143 ||| INVOKING Trog's Hand.
 45179 | WizLab   | 45179 ||| Stepping ~*~*~tactically~*~*~ (hiding).
 45326 | WizLab   | 45326 ||| Stepping ~*~*~tactically~*~*~ (hiding).
 45327 | WizLab   | 45327 ||| Stepping ~*~*~tactically~*~*~ (hiding).
 45329 | WizLab   | 45329 ||| INVOKING Trog's Hand.
 45338 | WizLab   | Found a transporter.
 45443 | WizLab   | 45443 ||| Stepping ~*~*~tactically~*~*~ (hiding).
 45444 | WizLab   | 45444 ||| Stepping ~*~*~tactically~*~*~ (hiding).
 45445 | WizLab   | Paralysed by accursed screaming for 1 turns
 45459 | WizLab   | 45459 ||| Stepping ~*~*~tactically~*~*~ (hiding).
 45462 | WizLab   | 45462 ||| Stepping ~*~*~tactically~*~*~ (hiding).
 45543 | WizLab   | 45543 ||| Stepping ~*~*~tactically~*~*~ (hiding).
 45672 | WizLab   | 45672 ||| DROPPING +1 hat of Zoid {rElec}.
 45673 | WizLab   | 45673 ||| UPGRADING to amulet of Rion {Reflect Fly Slay+4
                  | SH+5}.
 45683 | WizLab   | 45683 ||| DROPPING amulet "Xiwkiw" {Rampage rN+ Regen+}.
 45703 | WizLab   | 45703 ||| Stepping ~*~*~tactically~*~*~ (hiding).
 45705 | WizLab   | 45705 ||| Stepping ~*~*~tactically~*~*~ (hiding).
 45706 | WizLab   | 45706 ||| Stepping ~*~*~tactically~*~*~ (hiding).
 45707 | WizLab   | 45707 ||| Stepping ~*~*~tactically~*~*~ (hiding).
 45917 | WizLab   | 45917 ||| READING scroll of enchant armour.
 45917 | WizLab   | 45917 ||| ENCHANTING +3 storm dragon scales {Bai Suzhen}.
 45923 | WizLab   | Identified the ring of Daisies {Drain rN+ Will+ Int+5
                  | Dex+4}
 45926 | WizLab   | Identified the +11 halberd "Qinaahil" {drain, rF+}
 45930 | WizLab   | 45930 ||| DROPPING +1 chain mail of fire resistance.
 45931 | WizLab   | 45931 ||| UPGRADING to ring of Daisies {Drain rN+ Will+
                  | Int+5 Dex+4}.
 45933 | WizLab   | 45933 ||| READING 13 scrolls of identify.
 45933 | WizLab   | 45933 ||| IDENTIFYING bubbling sapphire potion
 45943 | Vaults:4 | 45943 ||| PLANNING VAULTS:1-4
 46013 | Vaults:4 | 46013 ||| INVOKING Trog's Hand.
 46046 | Vaults:4 | Reached XP level 20. HP: 198/198 MP: 19/19
 46285 | Vaults:4 | 46285 ||| Stepping ~*~*~tactically~*~*~ (hiding).
 46409 | Vaults:4 | 46409 ||| INVOKING Trog's Hand.
 46452 | Vaults:4 | Noticed a golden dragon
 46453 | Vaults:4 | 46453 ||| Stepping ~*~*~tactically~*~*~ (stealth).
 46455 | Vaults:4 | 46455 ||| Stepping ~*~*~tactically~*~*~ (stealth).
 46457 | Vaults:4 | 46457 ||| Stepping ~*~*~tactically~*~*~ (stealth).
 46459 | Vaults:4 | 46459 ||| Stepping ~*~*~tactically~*~*~ (stealth).
 46461 | Vaults:4 | 46461 ||| Stepping ~*~*~tactically~*~*~ (stealth).
 46462 | Vaults:4 | 46462 ||| Stepping ~*~*~tactically~*~*~ (stealth).
 46470 | Vaults:4 | Killed a golden dragon
 46501 | Vaults:4 | 46501 ||| INVOKING Trog's Hand.
 46615 | Vaults:4 | 46615 ||| Stepping ~*~*~tactically~*~*~ (hiding).
 46872 | Vaults:4 | 46872 ||| Stepping ~*~*~tactically~*~*~ (hiding).
 46907 | Vaults:4 | 46907 ||| INVOKING Trog's Hand.
 46922 | Vaults:4 | 46922 ||| INVOKING Brothers in Arms.
 46923 | Vaults:4 | 46923 ||| INVOKING Brothers in Arms.
 46926 | Vaults:4 | 46926 ||| INVOKING Berserk.
 47500 | Vaults:3 | 47500 ||| READING 15 scrolls of teleportation.
 47501 | Vaults:3 | 47501 ||| PLANNING SPIDER:4
 47832 | Spider:4 | Entered Level 4 of the Spider Nest
 47857 | Spider:4 | 47857 ||| Stepping ~*~*~tactically~*~*~ (stealth).
 47968 | Spider:4 | Reached skill level 22 in Fighting
 48062 | Spider:4 | Identified the +6 battleaxe of Genwa {flame, rF+ rN+} (Trog
                  | gifted it to you on level 4 of the Spider Nest)
 48062 | Spider:4 | Received a gift from Trog
 48068 | Spider:4 | 48068 ||| Stepping ~*~*~tactically~*~*~ (stealth).
 48070 | Spider:4 | 48070 ||| Stepping ~*~*~tactically~*~*~ (stealth).
 48345 | Spider:4 | Identified the +0 hat "Vahothre" {rElec rN+}
 48350 | Spider:4 | Got a gossamer rune of Zot
 48370 | Spider:4 | Identified the +4 flail "Rapeph" {antimagic, *Noise rF+ rC-
                  | Dex+8}
 48408 | Spider:4 | 48408 ||| Stepping ~*~*~tactically~*~*~ (stealth).
 48430 | Spider:4 | 48430 ||| Stepping ~*~*~tactically~*~*~ (stealth).
 48462 | Spider:4 | 48462 ||| Stepping ~*~*~tactically~*~*~ (stealth).
 48465 | Spider:4 | Noticed Kirke
 48466 | Spider:4 | 48466 ||| INVOKING Trog's Hand.
 48476 | Spider:4 | Noticed Arachne
 48476 | Spider:4 | Killed Kirke
 48477 | Spider:4 | 48477 ||| Stepping ~*~*~tactically~*~*~ (hiding).
 48488 | Spider:4 | 48488 ||| INVOKING Brothers in Arms.
 48501 | Spider:4 | Killed Arachne
 48607 | Spider:4 | 48607 ||| FLEEEEING.
 48765 | Spider:4 | Reached skill level 15 in Dodging
 49117 | Spider:4 | 49117 ||| PLANNING DEPTHS
 49117 | Spider:4 | 49117 ||| DROPPING scarf of shadows.
 49118 | Spider:4 | 49118 ||| DROPPING +1 pair of gloves of infusion.
 49459 | Depths:1 | Entered Level 1 of the Depths
 49489 | Depths:1 | Found a one-way gateway to a ziggurat.
 49527 | Depths:1 | Found a shadowy altar of Dithmenos.
 49530 | Depths:1 | 49530 ||| Stepping ~*~*~tactically~*~*~ (stealth).
 49531 | Depths:1 | 49531 ||| INVOKING Brothers in Arms.
 49558 | Depths:1 | 49558 ||| Stepping ~*~*~tactically~*~*~ (hiding).
 49695 | Depths:1 | Found a basalt altar of Yredelemnul.
 49746 | Depths:1 | 49746 ||| Stepping ~*~*~tactically~*~*~ (hiding).
 49747 | Depths:1 | 49747 ||| Stepping ~*~*~tactically~*~*~ (hiding).
 49842 | Depths:1 | 49842 ||| Stepping ~*~*~tactically~*~*~ (hiding).
 49842 | Depths:1 | Found Hofynyos's Assorted Antiques.
 49859 | Depths:1 | 49859 ||| Stepping ~*~*~tactically~*~*~ (hiding).
 49896 | Depths:1 | 49896 ||| BUYING 2 potions of curing (186 gold).
 49896 | Depths:1 | Bought 2 potions of curing for 186 gold pieces
 49896 | Depths:1 | 49896 ||| BUYING potion of heal wounds (155 gold).
 49896 | Depths:1 | Bought a potion of heal wounds for 155 gold pieces
 49896 | Depths:1 | 49896 ||| BUYING potion of mutation (248 gold).
 49896 | Depths:1 | Bought a potion of mutation for 248 gold pieces
 49945 | Depths:1 | You are sucked into a shaft and drop 1 floor!
 49956 | Depths:2 | 49956 ||| INVOKING Brothers in Arms.
 49975 | Depths:2 | 49975 ||| INVOKING Berserk.
 49982 | Depths:2 | Reached XP level 21. HP: 209/209 MP: 20/20
 50212 | Depths:1 | Found a gateway to Hell.
 50445 | Depths:2 | 50445 ||| Stepping ~*~*~tactically~*~*~ (stealth).
 50449 | Depths:2 | 50449 ||| INVOKING Trog's Hand.
 50462 | Depths:2 | Found Huvoetug's Antique Armour Shoppe.
 50505 | Depths:2 | 50505 ||| Stepping ~*~*~tactically~*~*~ (hiding).
 50506 | Depths:2 | 50506 ||| Stepping ~*~*~tactically~*~*~ (hiding).
 50611 | Depths:2 | Found Biqev's Antique Weapon Shop.
 50641 | Depths:2 | 50641 ||| INVOKING Brothers in Arms.
 50642 | Depths:2 | 50642 ||| INVOKING Brothers in Arms.
 50643 | Depths:2 | 50643 ||| INVOKING Brothers in Arms.
 50644 | Depths:2 | 50644 ||| INVOKING Brothers in Arms.
 50645 | Depths:2 | 50645 ||| INVOKING Brothers in Arms.
 50899 | Depths:2 | Found a one-way gate to the infinite horrors of the Abyss.
 50916 | Depths:2 | Found Lanuthresant's Magic Scroll Boutique.
 50932 | Depths:2 | 50932 ||| BUYING scroll of teleportation (57 gold).
 50932 | Depths:2 | Bought a scroll of teleportation for 57 gold pieces
 50932 | Depths:2 | 50932 ||| BUYING scroll of teleportation (57 gold).
 50932 | Depths:2 | Bought a scroll of teleportation for 57 gold pieces
 50939 | Depths:2 | Found Vyome Rao's Book Emporium.
 51030 | Depths:2 | 51030 ||| Stepping ~*~*~tactically~*~*~ (hiding).
 51031 | Depths:2 | 51031 ||| INVOKING Berserk.
 51043 | Depths:2 | Reached skill level 23 in Fighting
 51243 | Depths:2 | Found Jinutali's Antique Armour Boutique.
 51360 | Depths:2 | Identified the +16 plate armour of the Crypt {*Slow rPois
                  | Regen+ Int+2}
 51514 | Depths:2 | Found a one-way gate leading to the halls of Pandemonium.
 51555 | Depths:2 | Noticed Nikola
 51565 | Depths:2 | Killed Nikola
 51665 | Depths:2 | 51665 ||| DROPPING +0 fire dragon scales.
 51666 | Depths:2 | 51666 ||| UPGRADING to +16 plate armour of the Crypt {*Slow
                  | rPois Regen+ Int+2}.
 51676 | Depths:2 | 51676 ||| UPGRADING to +2 pair of boots of the Earth
                  | {rElec}.
 51686 | Depths:2 | 51686 ||| DROPPING +6 plate armour of ponderousness.
 51687 | Depths:2 | 51687 ||| DROPPING +4 storm dragon scales {Bai Suzhen}.
 51757 | Depths:1 | Identified the +6 quarterstaff of Honour {speed, Str+3
                  | Dex+2}
 51758 | Depths:1 | 51758 ||| READING 18 scrolls of teleportation.
 51824 | Depths:3 | 51824 ||| INVOKING Trog's Hand.
 51834 | Depths:3 | 51834 ||| READING 17 scrolls of teleportation.
 51835 | Depths:3 | 51835 ||| Waiting to end mesmerise (stuck).
 51837 | Depths:3 | 51837 ||| INVOKING Brothers in Arms.
 51845 | Depths:3 | 51845 ||| INVOKING Berserk.
 51881 | Depths:3 | 51881 ||| Stepping ~*~*~tactically~*~*~ (hiding).
 51890 | Depths:3 | 51890 ||| Stepping ~*~*~tactically~*~*~ (hiding).
 51891 | Depths:3 | 51891 ||| Stepping ~*~*~tactically~*~*~ (hiding).
 51893 | Depths:3 | 51893 ||| INVOKING Trog's Hand.
 51899 | Depths:3 | 51899 ||| Stepping ~*~*~tactically~*~*~ (hiding).
 52053 | Depths:3 | 52053 ||| Stepping ~*~*~tactically~*~*~ (hiding).
 52059 | Depths:3 | Reached skill level 21 in Armour
 52089 | Depths:3 | 52089 ||| Stepping ~*~*~tactically~*~*~ (hiding).
 52134 | Depths:3 | 52134 ||| INVOKING Trog's Hand.
 52170 | Depths:3 | 52170 ||| Stepping ~*~*~tactically~*~*~ (hiding).
 52175 | Depths:3 | 52175 ||| INVOKING Trog's Hand.
 52178 | Depths:3 | Noticed a caustic shrike
 52179 | Depths:3 | 52179 ||| INVOKING Brothers in Arms.
 52180 | Depths:3 | 52180 ||| INVOKING Brothers in Arms.
 52181 | Depths:3 | 52181 ||| INVOKING Brothers in Arms.
 52182 | Depths:3 | 52182 ||| INVOKING Brothers in Arms.
 52189 | Depths:3 | Killed a caustic shrike
 52194 | Depths:3 | 52194 ||| INVOKING Berserk.
 52197 | Depths:3 | HP: 75/316 [flayed ghost/flay_damage (23)]
 52213 | Depths:3 | 52213 ||| Stepping ~*~*~tactically~*~*~ (hiding).
 52214 | Depths:3 | 52214 ||| Stepping ~*~*~tactically~*~*~ (hiding).
 52215 | Depths:3 | 52215 ||| Stepping ~*~*~tactically~*~*~ (hiding).
 52375 | Depths:3 | 52375 ||| Stepping ~*~*~tactically~*~*~ (stealth).
 52429 | Depths:3 | 52429 ||| INVOKING Trog's Hand.
 52476 | Depths:3 | 52476 ||| INVOKING Brothers in Arms.
 52489 | Depths:3 | 52489 ||| INVOKING Brothers in Arms.
 52531 | Depths:3 | 52531 ||| INVOKING Brothers in Arms.
 52543 | Depths:3 | 52543 ||| INVOKING Brothers in Arms.
 52632 | Depths:3 | 52632 ||| Stepping ~*~*~tactically~*~*~ (hiding).
 52690 | Depths:3 | 52690 ||| INVOKING Trog's Hand.
 52692 | Depths:3 | Noticed a golden dragon
 52695 | Depths:3 | Noticed a caustic shrike
 52695 | Depths:3 | a golden dragon changed into a caustic shrike
 52697 | Depths:3 | a caustic shrike changed into a shadow dragon
 52705 | Depths:3 | Reached skill level 24 in Fighting
 52752 | Depths:3 | 52752 ||| Stepping ~*~*~tactically~*~*~ (stealth).
 52759 | Depths:3 | 52759 ||| Stepping ~*~*~tactically~*~*~ (hiding).
 52802 | Depths:3 | 52802 ||| Stepping ~*~*~tactically~*~*~ (stealth).
 52824 | Depths:3 | 52824 ||| Stepping ~*~*~tactically~*~*~ (hiding).
 52825 | Depths:3 | 52825 ||| Stepping ~*~*~tactically~*~*~ (hiding).
 52826 | Depths:3 | 52826 ||| Stepping ~*~*~tactically~*~*~ (hiding).
 52993 | Depths:3 | Identified the +7 chain mail "Wuafew" {Rampage Str-2 SInv}
 53167 | Depths:3 | 53167 ||| DROPPING amulet of the acrobat.
 53168 | Depths:3 | 53168 ||| READING scroll labelled MYTOLAACOV.
 53194 | Depths:4 | Entered Level 4 of the Depths
 53227 | Depths:4 | Paralysed by a floating eye for 2 turns
 53267 | Depths:4 | 53267 ||| Stepping ~*~*~tactically~*~*~ (hiding).
 53271 | Depths:4 | Reached XP level 22. HP: 218/222 MP: 21/21
 53381 | Depths:4 | Noticed a golden dragon
 53382 | Depths:4 | 53382 ||| INVOKING Brothers in Arms.
 53392 | Depths:4 | Killed a golden dragon
 53401 | Depths:4 | 53401 ||| INVOKING Brothers in Arms.
 53427 | Depths:4 | 53427 ||| Stepping ~*~*~tactically~*~*~ (stealth).
 53489 | Depths:4 | 53489 ||| Stepping ~*~*~tactically~*~*~ (stealth).
 53492 | Depths:4 | 53492 ||| Stepping ~*~*~tactically~*~*~ (hiding).
 53569 | Depths:4 | Found a gate to the Realm of Zot.
 53695 | Depths:4 | 53695 ||| INVOKING Trog's Hand.
 53742 | Depths:4 | Noticed a juggernaut
 53750 | Depths:4 | Killed a juggernaut
 53765 | Depths:4 | Found a bloodstained altar of Trog.
 53964 | Depths:4 | Found a portal to a secret trove of treasure.
 53986 | Depths:4 | 53986 ||| PLANNING VAULTS:5
 54253 | Vaults:5 | Entered Level 5 of the Vaults
 54271 | Vaults:5 | HP: 53/222 [flayed ghost/flay_damage (16)]
 54272 | Vaults:5 | 54272 ||| READING 19 scrolls of teleportation.
 54273 | Vaults:5 | 54273 ||| DRINKING 8 potions of heal wounds.
 54276 | Vaults:5 | HP: 54/223 [poisoned by a vault warden]
 54277 | Vaults:5 | 54277 ||| READING 18 scrolls of teleportation.
 54278 | Vaults:5 | 54278 ||| DRINKING 7 potions of heal wounds.
 54282 | Vaults:5 | 54282 ||| INVOKING Trog's Hand.
 54300 | Vaults:5 | 54300 ||| Stepping ~*~*~tactically~*~*~ (hiding).
 54303 | Vaults:5 | 54303 ||| Stepping ~*~*~tactically~*~*~ (hiding).
 54316 | Vaults:5 | 54316 ||| INVOKING Brothers in Arms.
 54354 | Vaults:5 | 54354 ||| INVOKING Trog's Hand.
 54381 | Vaults:5 | 54381 ||| INVOKING Brothers in Arms.
 54392 | Vaults:5 | Reached skill level 25 in Fighting
 54409 | Vaults:5 | 54409 ||| INVOKING Brothers in Arms.
 54450 | Vaults:5 | 54450 ||| Stepping ~*~*~tactically~*~*~ (hiding).
 54451 | Vaults:5 | 54451 ||| Stepping ~*~*~tactically~*~*~ (hiding).
 54455 | Vaults:5 | 54455 ||| INVOKING Berserk.
 54583 | Vaults:5 | 54583 ||| Stepping ~*~*~tactically~*~*~ (stealth).
 54630 | Vaults:5 | 54630 ||| INVOKING Brothers in Arms.
 54631 | Vaults:5 | 54631 ||| INVOKING Brothers in Arms.
 54637 | Vaults:5 | 54637 ||| INVOKING Trog's Hand.
 54644 | Vaults:5 | 54644 ||| INVOKING Berserk.
 54678 | Vaults:5 | 54678 ||| INVOKING Brothers in Arms.
 54896 | Vaults:5 | 54896 ||| Stepping ~*~*~tactically~*~*~ (hiding).
 54900 | Vaults:5 | 54900 ||| INVOKING Brothers in Arms.
 54931 | Vaults:5 | 54931 ||| INVOKING Brothers in Arms.
 54943 | Vaults:5 | 54943 ||| INVOKING Brothers in Arms.
 54944 | Vaults:5 | 54944 ||| INVOKING Berserk.
 54978 | Vaults:5 | 54978 ||| FLEEEEING.
 54979 | Vaults:5 | 54979 ||| STAIRDANCE
 55090 | Vaults:5 | Reached skill level 15 in Throwing
 55128 | Vaults:5 | 55128 ||| Stepping ~*~*~tactically~*~*~ (stealth).
 55201 | Vaults:5 | Identified the +1 chain mail "Qoher" {rPois}
 55232 | Vaults:5 | Identified the +1 helmet of the Lost Lies {rCorr Int-3
                  | Dex+5}
 55233 | Vaults:5 | 55233 ||| Stepping ~*~*~tactically~*~*~ (hiding).
 55234 | Vaults:5 | 55234 ||| Stepping ~*~*~tactically~*~*~ (hiding).
 55284 | Vaults:5 | Identified the +0 pair of boots of Wu Jian's Anger {Harm
                  | Dex+3}
 55348 | Vaults:5 | Reached XP level 23. HP: 234/234 MP: 22/22
 55359 | Vaults:5 | 55359 ||| Stepping ~*~*~tactically~*~*~ (hiding).
 55360 | Vaults:5 | 55360 ||| Stepping ~*~*~tactically~*~*~ (hiding).
 55365 | Vaults:5 | 55365 ||| Stepping ~*~*~tactically~*~*~ (hiding).
 55366 | Vaults:5 | 55366 ||| Stepping ~*~*~tactically~*~*~ (hiding).
 55470 | Vaults:5 | 55470 ||| Stepping ~*~*~tactically~*~*~ (stealth).
 55471 | Vaults:5 | 55471 ||| Stepping ~*~*~tactically~*~*~ (hiding).
 55476 | Vaults:5 | 55476 ||| INVOKING Berserk.
 55732 | Vaults:5 | Noticed a dread lich
 55733 | Vaults:5 | 55733 ||| INVOKING Trog's Hand.
 55750 | Vaults:5 | Killed a dread lich
 55948 | Vaults:5 | 55948 ||| Stepping ~*~*~tactically~*~*~ (stealth).
 55951 | Vaults:5 | 55951 ||| Stepping ~*~*~tactically~*~*~ (hiding).
 56104 | Vaults:5 | Got a silver rune of Zot
 56158 | Vaults:5 | 56158 ||| PLANNING SHOPPING SPREE
 56158 | Vaults:5 | 56158 ||| DROPPING +0 pair of boots of Wu Jian's Anger
                  | {Harm Dex+3}.
 56159 | Vaults:5 | 56159 ||| PLANNING ZOT:1-4
 56159 | Vaults:5 | 56159 ||| READING 17 scrolls of teleportation.
 56162 | Vaults:5 | 56162 ||| UPGRADING to +0 pair of boots "Unag" {rPois rF+
                  | Dex+3}.
 56484 | Zot:1    | Entered Level 1 of the Realm of Zot
 56493 | Zot:1    | 56493 ||| INVOKING Brothers in Arms.
 56584 | Zot:1    | 56584 ||| INVOKING Brothers in Arms.
 56741 | Zot:1    | 56741 ||| Stepping ~*~*~tactically~*~*~ (hiding).
 56745 | Zot:1    | 56745 ||| INVOKING Berserk.
 57135 | Zot:1    | 57135 ||| INVOKING Brothers in Arms.
 57135 | Zot:1    | HP: 57/234 [black draconian knight/bolt of lightning[a red
                  | draconian scorcher] (25)]
 57136 | Zot:1    | 57136 ||| READING 16 scrolls of teleportation.
 57138 | Zot:1    | 57138 ||| DRINKING 9 potions of heal wounds.
 57140 | Zot:1    | Reached skill level 24 in Armour
 57140 | Zot:1    | HP: 58/234 [poisoned by a yellow draconian annihilator
                  | (poison arrow)]
 57141 | Zot:1    | 57141 ||| DRINKING 8 potions of heal wounds.
 57589 | Zot:1    | 57589 ||| INVOKING Brothers in Arms.
 57590 | Zot:1    | 57590 ||| INVOKING Brothers in Arms.
 57751 | Zot:1    | 57751 ||| INVOKING Brothers in Arms.
 57876 | Zot:2    | 57876 ||| STAIRDANCE
 57990 | Zot:2    | 57990 ||| INVOKING Brothers in Arms.
 58102 | Zot:2    | 58102 ||| Stepping ~*~*~tactically~*~*~ (hiding).
 58106 | Zot:2    | 58106 ||| INVOKING Berserk.
 58124 | Zot:2    | 58124 ||| Stepping ~*~*~tactically~*~*~ (stealth).
 58170 | Zot:2    | Noticed an orb of fire
 58171 | Zot:2    | 58171 ||| DRINKING 2 potions of resistance.
 58179 | Zot:2    | Gained mutation: Your magical capacity is low. (-10% MP)
                  | [an orb of fire]
 58187 | Zot:2    | Gained mutation: You are weak. (Str -2) [an orb of fire]
 58190 | Zot:2    | Killed an orb of fire
 58298 | Zot:2    | Reached skill level 26 in Fighting
 58465 | Zot:2    | 58465 ||| INVOKING Brothers in Arms.
 58567 | Zot:2    | 58567 ||| DROPPING +2 pair of gloves.
 58618 | Zot:3    | 58618 ||| Stepping ~*~*~tactically~*~*~ (hiding).
 58619 | Zot:3    | 58619 ||| Stepping ~*~*~tactically~*~*~ (hiding).
 58737 | Zot:3    | 58737 ||| Stepping ~*~*~tactically~*~*~ (stealth).
 58875 | Zot:3    | 58875 ||| Stepping ~*~*~tactically~*~*~ (cloud).
 58887 | Zot:3    | 58887 ||| INVOKING Brothers in Arms.
 58895 | Zot:3    | 58895 ||| INVOKING Berserk.
 59131 | Zot:3    | 59131 ||| Stepping ~*~*~tactically~*~*~ (stealth).
 59133 | Zot:3    | 59133 ||| FLEEEEING.
 59165 | Zot:3    | 59165 ||| Stepping ~*~*~tactically~*~*~ (stealth).
 59183 | Zot:3    | 59183 ||| Stepping ~*~*~tactically~*~*~ (stealth).
 59215 | Zot:3    | 59215 ||| Stepping ~*~*~tactically~*~*~ (stealth).
 59228 | Zot:3    | 59228 ||| Stepping ~*~*~tactically~*~*~ (stealth).
 59606 | Zot:3    | Found a large runed translucent door.
 59606 | Zot:3    | Found a large runed translucent door.
 59608 | Zot:3    | Noticed Heoriaro's ghost (legendary GnFi)
 59825 | Zot:3    | 59825 ||| INVOKING Brothers in Arms.
 60100 | Zot:3    | 60100 ||| READING 17 scrolls of teleportation.
 60156 | Zot:4    | Reached XP level 24. HP: 212/245 MP: 19/19
 60321 | Zot:4    | 60321 ||| Stepping ~*~*~tactically~*~*~ (hiding).
 60458 | Zot:4    | 60458 ||| FLEEEEING.
 60701 | Zot:4    | 60701 ||| INVOKING Brothers in Arms.
 60885 | Zot:4    | 60885 ||| Stepping ~*~*~tactically~*~*~ (hiding).
 60887 | Zot:4    | 60887 ||| Stepping ~*~*~tactically~*~*~ (hiding).
 60908 | Zot:4    | 60908 ||| PLANNING ORB
 60908 | Zot:4    | 60908 ||| READING 25 scrolls of identify.
 60908 | Zot:4    | 60908 ||| IDENTIFYING glowing inky potion
 60909 | Zot:4    | 60909 ||| DROPPING potion of invisibility.
 60931 | Zot:5    | Entered Level 5 of the Realm of Zot
 60978 | Zot:5    | Found a glowing golden altar of the Shining One.
 60979 | Zot:5    | 60979 ||| Stepping ~*~*~tactically~*~*~ (hiding).
 61105 | Zot:5    | Found a shimmering blue altar of Sif Muna.
 61237 | Zot:5    | Gained mutation: You occasionally lose the ability to drink
                  | potions when taking damage. [mutagenic glow]
 61259 | Zot:5    | 61259 ||| DRINKING 8 potions of mutation.
 61259 | Zot:5    | Lost mutation: You have a pair of large horns on your head.
                  | [potion of mutation]
 61259 | Zot:5    | Lost mutation: You are weak. (Str -2) [potion of mutation]
 61259 | Zot:5    | Gained mutation: You sometimes lose your temper in combat.
                  | [potion of mutation]
 61260 | Zot:5    | 61260 ||| DRINKING 7 potions of mutation.
 61260 | Zot:5    | Lost mutation: You occasionally lose the ability to drink
                  | potions when taking damage. [potion of mutation]
 61260 | Zot:5    | Lost mutation: You sometimes lose your temper in combat.
                  | [potion of mutation]
 61260 | Zot:5    | Lost mutation: Your magical capacity is low. (-10% MP)
                  | [potion of mutation]
 61260 | Zot:5    | Gained mutation: Your muscles are strong. (Str +4, Int/Dex
                  | -1) [potion of mutation]
 61268 | Zot:5    | Gained mutation: You are occasionally teleported next to
                  | monsters. [mutagenic glow]
 61285 | Zot:5    | 61285 ||| DRINKING 6 potions of mutation.
 61285 | Zot:5    | Lost mutation: You are occasionally teleported next to
                  | monsters. [potion of mutation]
 61285 | Zot:5    | Lost mutation: Your muscles are strong. (Str +4, Int/Dex
                  | -1) [potion of mutation]
 61285 | Zot:5    | Gained mutation: Your mind is acute. (Int +4, Str/Dex -1)
                  | [potion of mutation]
 61285 | Zot:5    | Gained mutation: You are covered in fur. (AC +1) [potion of
                  | mutation]
 61285 | Zot:5    | Gained mutation: You possess an exceptional clarity of
                  | mind. [potion of mutation]
 61304 | Zot:5    | Identified the +8 chain mail of the Vacuum {Int+6 Dex-4}
 61308 | Zot:5    | Noticed a dread lich
 61308 | Zot:5    | Noticed a dread lich
 61309 | Zot:5    | 61309 ||| INVOKING Trog's Hand.
 61321 | Zot:5    | Killed a dread lich
 61330 | Zot:5    | Reached skill level 1 in Evocations
 61339 | Zot:5    | Noticed an orb of fire
 61341 | Zot:5    | 61341 ||| DRINKING 2 potions of resistance.
 61342 | Zot:5    | Killed a dread lich
 61350 | Zot:5    | 61350 ||| INVOKING Brothers in Arms.
 61351 | Zot:5    | 61351 ||| INVOKING Brothers in Arms.
 61352 | Zot:5    | 61352 ||| INVOKING Brothers in Arms.
 61359 | Zot:5    | Killed an orb of fire
 61359 | Zot:5    | Noticed an orb of fire
 61363 | Zot:5    | Noticed an orb of fire
 61365 | Zot:5    | Noticed an orb of fire
 61365 | Zot:5    | Noticed an orb of fire
 61367 | Zot:5    | 61367 ||| INVOKING Brothers in Arms.
 61367 | Zot:5    | Gained mutation: Your flesh is cold resistant. (rC+) [an
                  | orb of fire]
 61368 | Zot:5    | 61368 ||| INVOKING Brothers in Arms.
 61368 | Zot:5    | Gained mutation: You occasionally lose the ability to drink
                  | potions when taking damage. [an orb of fire]
 61369 | Zot:5    | 61369 ||| INVOKING Brothers in Arms.
 61370 | Zot:5    | 61370 ||| INVOKING Brothers in Arms.
 61370 | Zot:5    | Noticed a Killer Klown
 61371 | Zot:5    | 61371 ||| INVOKING Brothers in Arms.
 61372 | Zot:5    | 61372 ||| INVOKING Brothers in Arms.
 61372 | Zot:5    | Noticed an orb of fire
 61372 | Zot:5    | Gained mutation: Your spells are a little easier to cast,
                  | but a little less powerful. [an orb of fire]
 61373 | Zot:5    | Noticed an orb of fire
 61373 | Zot:5    | Noticed a Killer Klown
 61374 | Zot:5    | Lost mutation: Your mind is acute. (Int +4, Str/Dex -1) [an
                  | orb of fire]
 61380 | Zot:5    | Gained mutation: You are dopey. (Int -2) [an orb of fire]
 61385 | Zot:5    | Gained mutation: You have hidden genetic defects. [an orb
                  | of fire]
 61385 | Zot:5    | Gained mutation: You are clumsy. (Dex -2) [an orb of fire]
 61387 | Zot:5    | Reached skill level 3 in Evocations
 61388 | Zot:5    | Lost mutation: You possess an exceptional clarity of mind.
                  | [an orb of fire]
 61389 | Zot:5    | Lost mutation: Your flesh is cold resistant. (rC+) [an orb
                  | of fire]
 61391 | Zot:5    | Killed an orb of fire
 61391 | Zot:5    | Gained mutation: You are occasionally teleported next to
                  | monsters. [an orb of fire]
 61392 | Zot:5    | Gained mutation: You are frail. (-10% HP) [an orb of fire]
 61394 | Zot:5    | HP: 47/222 [Orb Guardian (24)]
 61395 | Zot:5    | 61395 ||| READING 16 scrolls of teleportation.
 61396 | Zot:5    | 61396 ||| DRINKING 8 potions of heal wounds.
 61398 | Zot:5    | Noticed an orb of fire
 61398 | Zot:5    | Gained mutation: You occasionally lose the ability to read
                  | scrolls when taking damage. [an orb of fire]
 61399 | Zot:5    | Reached skill level 27 in Fighting
 61400 | Zot:5    | 61400 ||| INVOKING Berserk.
 61402 | Zot:5    | Gained mutation: You are very dopey. (Int -4) [an orb of
                  | fire]
 61403 | Zot:5    | Killed an orb of fire
 61403 | Zot:5    | Killed a Killer Klown
 61403 | Zot:5    | Gained mutation: Your magical capacity is low. (-10% MP)
                  | [an orb of fire]
 61405 | Zot:5    | Killed an orb of fire
 61407 | Zot:5    | HP: 66/336 [Orb Guardian (27)]
 61408 | Zot:5    | Gained mutation: You occasionally shout uncontrollably at
                  | your foes. [an orb of fire]
 61408 | Zot:5    | Killed a Killer Klown
 61408 | Zot:5    | Gained mutation: You have terrible hidden genetic defects.
                  | [an orb of fire]
 61410 | Zot:5    | Noticed an orb of fire
 61410 | Zot:5    | Noticed an ancient lich
 61416 | Zot:5    | Killed an orb of fire
 61418 | Zot:5    | 61418 ||| READING 15 scrolls of teleportation.
 61418 | Zot:5    | Gained mutation: You are weak. (Str -2) [hidden defects]
 61419 | Zot:5    | 61419 ||| DRINKING 7 potions of heal wounds.
 61426 | Zot:5    | HP: 37/224 [orb of fire/bolt of fire (26)]
 61427 | Zot:5    | 61427 ||| DRINKING 6 potions of heal wounds.
 61430 | Zot:5    | 61430 ||| READING 14 scrolls of teleportation.
 61431 | Zot:5    | 61431 ||| DRINKING 5 potions of heal wounds.
 61431 | Zot:5    | HP: 51/224 [orb of fire/fireball (7)]
 61432 | Zot:5    | 61432 ||| DRINKING 4 potions of heal wounds.
 61434 | Zot:5    | Paralysed by a Zot trap for 2 turns
 61435 | Zot:5    | HP: 22/224 [electric golem/bolt of lightning (14)]
 61437 | Zot:5    | 61437 ||| DRINKING 3 potions of heal wounds.
 61438 | Zot:5    | 61438 ||| DRINKING 2 potions of heal wounds.
 61439 | Zot:5    | 61439 ||| READING 13 scrolls of teleportation.
 61440 | Zot:5    | 61440 ||| DRINKING potion of heal wounds.
 61440 | Zot:5    | Gained mutation: You do not regenerate when monsters are
                  | visible. [an orb of fire]
 61443 | Zot:5    | Gained mutation: Your spells are easier to cast, but less
                  | powerful. [an orb of fire]
 61443 | Zot:5    | Gained mutation: Your body sometimes deteriorates upon
                  | taking damage. [an orb of fire]
 61445 | Zot:5    | HP: 49/224 [orb of fire/bolt of fire (10)]
 61445 | Zot:5    | HP: 12/224 [orb of fire/bolt of fire (24)]
 61447 | Zot:5    | Killed an orb of fire
 61447 | Zot:5    | Killed from afar by an orb of fire

Levels and vault maps discovered:
D:1:      evilmike_arrival_crescent, layout_loops_corners, nrook_mini_vaults
D:2:      layout_rooms, shapermc_ecumenical_altar_totnotflames,
          serial_bayou_ford_a
D:3:      layout_basic, nicolae_gozag_seed_capital, lemuel_doored_altar,
          mainiacjoe_overflow_tiny_flanked, uniq_jessica
D:4:      layout_rooms, elyvilon_altar_5, mainiacjoe_overflow_24_doors,
          portal_sewer_entry_b, uniq_duvessa, uniq_grinder, uniq_menkaure
D:5:      layout_basic, uniq_sigmund
D:6:      layout_cave_pools, zin_angel, lemuel_zombie_altar_kikubaaqudgha,
          dk_yredelemnul_ordeal, minmay_temple_entry_fiery, uniq_edmund,
          uniq_pikel
D:7:      layout_rooms, nicolae_overflow_hidden_temple, minmay_fractal_squares_5
D:8:      layout_basic, general_overflow_altar, special_room [special_room_orc]
D:9:      layout_basic, erik_lair_island, uniq_joseph, uniq_harold
D:10:     layout_basic, mainiacjoe_overflow_surrounded_room,
          nicolae_ru_the_path_less_chosen, kennysheep_donut,
          minmay_misc_feat_columns
D:11:     layout_rooms, serial_shops, shop, gauntlet_entry_generic
D:12:     layout_cave_pools, erik_orc_1, hangedman_corner_corridor
D:13:     minmay_connected_boxes_in_corner, layout_irregular_city,
          skrybe_vaults_entry_preservation, kennysheep_cross_bottleneck
D:14:     layout_loops_ring
D:15:     grunt_enter_depths_hoard, layout_basic, serial_park_fountain,
          uniq_nessos
Lair:1:   layout_regular_city, basic_altar, hangedman_lair_generics_rect,
          lemuel_fruit_fields, uniq_maggie
Lair:2:   gammafunk_worm_tunnel, layout_loops_ring, skrybe_swamp_entry_bodies,
          basic_altar, eino_house_with_fridge
Lair:3:   beast_lair_carwin_large_1, layout_hall_layers,
          nicolae_spider_entry_non_spiders, lemuel_fruit_tree
Lair:4:   layout_gridlike
Lair:5:   grunt_lair_end_beastmaster, layout_long_grid,
          nicolae_slime_entry_slimehenge, grunt_megastairs_3
Swamp:1:  layout_basic_swamp, nicolae_swamp_tree_designs
Swamp:2:  layout_basic_swamp, nicolae_swamp_rocky_clearing,
          nicolae_swamp_well_well_well
Swamp:3:  layout_falls_marsh, hangedman_swamp_diagram
Swamp:4:  swamp, layout_basic_swamp, swamp_pool1
Spider:1: layout_cave_pods, special_room [special_room_bee],
          hellmonk_narrow_tunnel, uniq_donald, uniq_agnes, uniq_josephine
Spider:2: nicolae_spider_mines_3
Spider:3: layout_spider_delve, uniq_bai_suzhen
Spider:4: grunt_spider_rune_circles, drop_trap, nicolae_spider_undead_wolf_pack,
          uniq_kirke, uniq_arachne
Orc:1:    layout_caves, basic_altar, nicolae_orc_flooded_monolith,
          abandoned_shop, nicolae_orc_lava_room, uniq_nergalle
Orc:2:    grunt_orc_gardens, layout_caves, grunt_orc_garden, grunt_orc_garden,
          grunt_orc_garden, grunt_orc_garden, gammafunk_ghost_stat_death
Vaults:1: ebering_ghost_gozag, nicolae_vaults_yaktaur_gun_rack, v_misc_12,
          nicolae_vaults_theta, v_misc_15, vaults_room_fours,
          hangedman_vaults_hat, ontoclasm_vaults_shuriken, vaults_mumra_lcd,
          ontoclasm_vaults_gateway, v_pattern_2,
          nicolae_vaults_diagonal_hallway_7, layout_vaults_omnicross,
          uniq_saint_roka
Vaults:2: nicolae_vaults_inception_network, nicolae_vaults_network_star,
          v_pattern_1, vaults_standard_mumra_lines,
          nicolae_vaults_little_squares_2, v_rooms_1, v_misc_8,
          vaults_mumra_hex, ontoclasm_vaults_chip, ontoclasm_vaults_pinch,
          vaults_room_fancy_cross, ontoclasm_vaults_fault,
          nicolae_vaults_angled_halls, layout_vaults_omnibox
Vaults:3: minmay_crypt_entry_simple_walls, nicolae_vaults_puzzle_piece,
          st_lines, v_misc_12, nicolae_vaults_little_squares_2,
          layout_vaults_chaotic_city, serial_shops, shop, uniq_frederick
Vaults:4: infiniplex_enter_wizlab_glasses, nicolae_vaults_shelves_hall,
          kb_rosetta, vaults_mumra_hexcomb, v_alt_pattern_2, v_pattern_5,
          dpeg_vaults_monster_row, hangedman_vaults_unwind, v_alt_pattern_3,
          vaults_room_fours, nicolae_vaults_circle_grid_a,
          vaults_room_door_ring, nicolae_vaults_little_squares_1,
          layout_vaults_maze_snakey
Vaults:5
Depths:1: layout_long_grid, enter_ziggurat_c, hell_entry,
          nicolae_dithmenos_the_darkroom, minmay_misc_feat_iff,
          yredelemnul_altar_generic, firewood_loft, minmay_shop_star
Depths:2: hellmonk_destroyed_diamonds, layout_honeycomb, abyss_entry,
          serial_shops, shop_coins, nicolae_shop_stone, shop, shop_statue,
          shop_fountains, grunt_hell_entry_dis_old, rand_demon_pan_entry_9,
          infiniplex_staircase_zigzag_2, uniq_nikola
Depths:3: hangedman_pleasuredromes, abyss_entry, hell_entry, uniq_josephina
Depths:4: evilmike_zot_entry_basic, layout_gridville, bloody_trog,
          nicolae_trove_entry_path_of_doom, hell_entry, serial_bayou_shore_b
Zot:1:    grunt_zot_stairs_overgrown, layout_cathedral_of_symmetry
Zot:2:    evilmike_crystal_ball_defense, layout_misc_corridors
Zot:3:    layout_gridlike, ebering_ghost_disaster_area, hangedman_hellfire_club,
          grunt_megastairs_4
Zot:4:    layout_gridlike
Zot:5:    layout_misc_corridors, hangedman_feature_mirror

Skill      XL: |  1  2  3  4  5  6  7  8  9 10 11 12 13 14 15 16 17 18 19 20 21 22 23 24 |
---------------+-------------------------------------------------------------------------+-----
Axes           | 4 5 6 7 9 10 12 14 16 18 19 20 | 20.9
Armour         | 4 5 6 8 9 13 14 15 17 19 20 22 23 24 25 | 25.1
Fighting       | 4 6 7 8 9 10 12 15 16 17 19 21 22 24 25 26 27 | 27.0
Throwing       | 2 3 4 5 8 10 11 12 13 15 | 15.0
Dodging        | 3 4 5 6 8 11 12 15 17 | 17.3
Shields        | 7 8 9 15 16 17 21 22 23 | 23.0
Evocations     | 4 |  4.4

Action                   |  1- 3 |  4- 6 |  7- 9 | 10-12 | 13-15 | 16-18 | 19-21 | 22-24 || total
-------------------------+-------+-------+-------+-------+-------+-------+-------+-------++-------
Melee: Hand axe          |    48 |       |       |       |       |       |       |       ||    48
       Headbutt          |    10 |     6 |    46 |    85 |   221 |   391 |   337 |   282 ||  1378
       War axe           |    32 |    38 |   192 |   193 |       |    44 |       |       ||   499
       Punch             |       |     1 |     1 |     7 |       |       |       |       ||     9
       Broad axe         |       |       |       |   258 |   776 |  1378 |  1074 |   811 ||  4297
       Mace              |       |       |       |       |     2 |       |       |       ||     2
       Flail             |       |       |       |       |     1 |       |       |       ||     1
Throw: Javelin           |       |       |    36 |    59 |    54 |    86 |    94 |    56 ||   385
       Boomerang         |       |       |       |    48 |    86 |   111 |    38 |    28 ||   311
Invok: Berserk           |     2 |     3 |    11 |    21 |    19 |    31 |     7 |     8 ||   102
       Trog's Hand       |       |     1 |       |       |     1 |    14 |    27 |     6 ||    49
       Brothers in Arms  |       |       |       |     4 |     8 |    12 |    16 |    22 ||    62
  Use: Scroll            |     3 |     2 |     7 |    14 |     6 |     9 |     9 |    10 ||    60
       Potion            |       |     1 |     2 |     3 |     2 |     7 |    12 |    17 ||    44
 Stab: Distracted        |       |       |       |     1 |     2 |     1 |    12 |    13 ||    29
       Petrified         |       |       |       |       |     2 |       |       |       ||     2
       Confused          |       |       |       |       |       |     4 |       |       ||     4
Armor: Animal skin       |     7 |       |       |       |       |       |       |       ||     7
       Ring mail         |     1 |     2 |       |       |       |       |       |       ||     3
       Plate armour      |       |     7 |   108 |     3 |       |       |    74 |   334 ||   526
       Storm dragon scal |       |       |       |   184 |   352 |   381 |   124 |       ||  1041
       Chain mail        |       |       |       |       |       |   197 |       |       ||   197
Dodge: Dodged            |    46 |    13 |    72 |   145 |   302 |   741 |   273 |   381 ||  1973
Block: Buckler           |       |       |       |     4 |    99 |       |       |       ||   103
       Kite shield       |       |       |       |       |   175 |   936 |    20 |       ||  1131
       Reflection        |       |       |       |       |    13 |    32 |    18 |    46 ||   109
       Tower shield      |       |       |       |       |       |       |   804 |   878 ||  1682

Table legend:
 A = Non-vault XP
 B = Vault XP
 C = Vault XP percentage of total XP
 D = Non-vault monster count
 E = Vault monster count
 F = Vault count percentage of total count
                 A         B        C        D         E       F
            +---------+---------+-------+---------+---------+-------
      Total |  522651 |  570249 |  52.2 |    1148 |     783 |  40.5
            +---------+---------+-------+---------+---------+-------
        D:1 |      32 |       0 |   0.0 |      21 |       0 |   0.0
        D:2 |      41 |       0 |   0.0 |      16 |       0 |   0.0
        D:3 |      43 |      37 |  46.2 |      14 |       1 |   6.7
        D:4 |     118 |     697 |  85.5 |       4 |      11 |  73.3
        D:5 |     961 |     223 |  18.8 |      13 |       1 |   7.1
        D:6 |    1086 |     825 |  43.2 |      21 |       9 |  30.0
        D:7 |    1078 |     459 |  29.9 |      29 |       6 |  17.1
        D:8 |    3601 |     213 |   5.6 |      34 |      16 |  32.0
        D:9 |    1951 |    2068 |  51.5 |      29 |      10 |  25.6
       D:10 |    1569 |       0 |   0.0 |      15 |       0 |   0.0
       D:11 |    5498 |       0 |   0.0 |      41 |       0 |   0.0
       D:12 |    6647 |     579 |   8.0 |      22 |      17 |  43.6
       D:13 |    6684 |   18106 |  73.0 |      18 |      30 |  62.5
       D:14 |   11749 |       0 |   0.0 |      25 |       0 |   0.0
       D:15 |   11348 |    2636 |  18.9 |      25 |       3 |  10.7
     Lair:1 |    3620 |    3865 |  51.6 |      17 |       8 |  32.0
     Lair:2 |    5903 |    1585 |  21.2 |      27 |      13 |  32.5
     Lair:3 |    1587 |    2059 |  56.5 |       7 |      17 |  70.8
     Lair:4 |    7634 |       0 |   0.0 |      21 |       0 |   0.0
     Lair:5 |   11892 |   12771 |  51.8 |      36 |      36 |  50.0
    Swamp:1 |   10158 |       0 |   0.0 |      17 |       0 |   0.0
    Swamp:2 |    7607 |       0 |   0.0 |      20 |       0 |   0.0
    Swamp:3 |   10888 |     869 |   7.4 |      22 |       1 |   4.3
    Swamp:4 |    8747 |   15052 |  63.2 |      16 |      24 |  60.0
   Spider:1 |   12174 |    8457 |  41.0 |      39 |      29 |  42.6
   Spider:2 |   18300 |    3980 |  17.9 |      47 |      13 |  21.7
   Spider:3 |   12802 |    3163 |  19.8 |      28 |       1 |   3.4
   Spider:4 |   18983 |   32142 |  62.9 |      46 |      55 |  54.5
      Orc:1 |    3274 |     773 |  19.1 |      54 |       1 |   1.8
      Orc:2 |     899 |    9912 |  91.7 |      16 |      27 |  62.8
   Vaults:1 |   38951 |   19806 |  33.7 |      61 |      33 |  35.1
   Vaults:2 |   12114 |   28668 |  70.3 |      21 |      43 |  67.2
   Vaults:3 |   18162 |   18429 |  50.4 |      23 |      18 |  43.9
   Vaults:4 |   22870 |   24820 |  52.0 |      36 |      31 |  46.3
   Vaults:5 |   16802 |  111940 |  86.9 |      32 |     104 |  76.5
   Depths:1 |   20296 |       0 |   0.0 |      25 |       0 |   0.0
   Depths:2 |   27685 |    3617 |  11.6 |      35 |       2 |   5.4
   Depths:3 |    3184 |   87530 |  96.5 |      12 |      93 |  88.6
   Depths:4 |   17292 |   11112 |  39.1 |      16 |      10 |  38.5
      Zot:1 |   56626 |     527 |   0.9 |      50 |       1 |   2.0
      Zot:2 |   29190 |    5203 |  15.1 |      21 |      10 |  32.3
      Zot:3 |   28472 |    7105 |  20.0 |      25 |       8 |  24.2
      Zot:4 |   22970 |       0 |   0.0 |      16 |       0 |   0.0
      Zot:5 |   17348 |   90030 |  83.8 |      14 |      37 |  72.5
     WizLab |    3815 |   36887 |  90.6 |      21 |      51 |  70.8
   Gauntlet |       0 |    4104 | 100.0 |       0 |      13 | 100.0
            +---------+---------+-------+---------+---------+-------
